Workbook
Name incBuyerDossierDetaillnkRequestName: PRINCIPAL!$L$46
Name lnkContractReferenceLink_1: PRINCIPAL!$G$52
Name lnkProcurementContractViewLinkNewTab_0: PRINCIPAL!$M$263

Sheet DATOS
A3: Etiquetas de fila | B3: Cuenta de NOMBRE O RAZON SOCIAL (CONTRATISTA)
A4: 2 Selección abreviada | B4: 2
A5: Selección Abreviada de Menor Cuantia sin Manifestacion de Interés | B5: 1
A6: Selección abreviada menor cuantía | B6: 1
A7: 5 Contratación directa | B7: 407
A8: ARRENDAMIENTO DE INMUEBLES | B8: 1
A9: PRESTACION DE SERVICIOS DE APOYO | B9: 1
A10: PRESTACION DE SERVICIOS DE APOYO | B10: 70
A11: PRESTACION DE SERVICIOS DE APOYO A LA GESTIÓN | B11: 1
A12: PRESTACIÓN DE SERVICIOS DE APOYO A LA GESTIÓN | B12: 7
A13: PRESTACION DE SERVICIOS PROFESIONALES | B13: 196
A14: PRESTACIÓN DE SERVICIOS PROFESIONALES | B14: 108
A15: Servicios de apoyo a la gestión | B15: 1
... A19: Total general | B19: 409

Sheet PRINCIPAL
A1: N° | B1: NO CONTRATO | C1: FECHA DE SOLICITUD | D1: CLASE DE CONTRATO | E1: TIPO DE CONTRATO (MINUTA) | F1: Descripcion Mod. Selec | G1: NO. DE PROCESO | H1: CODIGO UNSPSC | I1: LINK DE PUBLICACIÓN | J1: ESTADO | K1: TIPO DE GASTO | L1: OBJETO | M1: NOMBRE O RAZON SOCIAL (CONTRATISTA) | N1: VALOR INICIAL | O1: VALOR MENSUAL PAGADO | P1: IVA | Q1: CANTIDAD DE PAGOS | R1: VALOR TOTAL | S1: DEPENDENCIA
A2: 1 | B2: UAESP-01-2026 | C2: 46029 | D2: 31 31-Servicios Profesionales | E2: PRESTACION DE SERVICIOS PROFESIONALES | F2: 5 Contratación directa | G2: UAESP-01-2026 | H2: 80111600 | I2: https://community.secop.gov.co/Public/Tendering/ContractNoticePhases/View?PPI=CO1.PPI.44457224&isFromPublicArea=True&isModal=False | J2: EN EJECUCION | K2: 1 1. Inversión | L2: SAL-045 Brindar asesoría jurídica especializada integral a la Subdirección de Asuntos Legales en temas de contratación estatal y derecho público, así como brindar transferencia de conocimiento a las distintas áreas de la UAESP en materia contractual. | M2: UNIO-CCA | N2: 210600000 | O2: =N2/Q2 -> 21060000 | Q2: 10 | R2: =N2 -> 210600000 | S2: SUBDIRECCION DE ASUNTOS LEGALES-SAL
A3: 2 | B3: UAESP-02-2026 | C3: 46028 | D3: 31 31-Servicios Profesionales | E3: PRESTACION DE SERVICIOS PROFESIONALES | F3: 5 Contratación directa | G3: UAESP-02-2026 | H3: 80111600 | I3: https://community.secop.gov.co/Public/Tendering/ContractNoticePhases/View?PPI=CO1.PPI.44458122&isFromPublicArea=True&isModal=False | J3: EN EJECUCION | K3: 2 2. Funcionamiento | L3: SAL-001 Brindar servicios profesionales de asesoría jurídica transversal a la subdirección de asuntos legales de la UAESP, en los asuntos que le competen a la mencionada subdirección | M3: BEATRIZ EUGENIA LONDONO HERNANDEZ | N3: 168480000 | O3: =N3/10 -> 16848000 | Q3: 10 | R3: =N3 -> 168480000 | S3: SUBDIRECCION DE ASUNTOS LEGALES-SAL
A4: 3 | B4: UAESP-03-2026 | C4: 46028 | D4: 31 31-Servicios Profesionales | E4: PRESTACION DE SERVICIOS PROFESIONALES | F4: 5 Contratación directa | G4: UAESP-03-2026 | H4: 80111600 | I4: https://community.secop.gov.co/Public/Tendering/ContractNoticePhases/View?PPI=CO1.PPI.44458195&isFromPublicArea=True&isModal=False | J4: EN EJECUCION | K4: 3 1. Inversión | L4: SAL-002 Brindar los servicios profesionales a la Subdirección de Asuntos Legales brindando asesoría y acompañamiento en los procesos de selección y contratación en general, específicamente en lo que concierne a las etapas precontractuales, contractuales y postcontractuales conforme las necesidades y requerimientos solicitados por las diferentes dependencias de la Unidad Administrativa Especial de Servicios Públicos. | M4: YULIETH CAROLINA BEJARANO PINZON | N4: 157950000 | O4: =N4/10 -> 15795000 | Q4: 10 | R4: =N4 -> 157950000 | S4: SUBDIRECCION DE ASUNTOS LEGALES-SAL
A5: 4 | B5: UAESP-04-2026 | C5: 46029 | D5: 31 31-Servicios Profesionales | E5: PRESTACION DE SERVICIOS PROFESIONALES | F5: 5 Contratación directa | G5: UAESP-04-2026 | H5: 80161500 | I5: https://community.secop.gov.co/Public/Tendering/ContractNoticePhases/View?PPI=CO1.PPI.44455592&isFromPublicArea=True&isModal=False | J5: EN EJECUCION | K5: 4 1. Inversión | L5: SDF-001 Prestar servicios profesionales para apoyar en la gestión, estructuración y análisis de información geográfica, así como en el desarrollo de herramientas tecnológicas para la captura y visualización de datos mediante el uso de herramientas SIG | M5: Cristian Leonardo Pineda Vargas | N5: 107000000 | O5: =N5/10 -> 10700000 | Q5: 10 | R5: =N5 -> 107000000 | S5: SUBDIRECCION DE DISPOSICION FINAL-SDF
A6: 5 | B6: UAESP-07-2026 | C6: 46031 | D6: 31 31-Servicios Profesionales | E6: PRESTACION DE SERVICIOS PROFESIONALES | F6: 5 Contratación directa | G6: UAESP-07-2026 | H6: 80111600 | I6: https://www.secop.gov.co/CO1ContractsManagement/Tendering/ProcurementContractEdit/View?docUniqueIdentifier=CO1.PCCNTR.8780912&prevCtxUrl=https%3a%2f%2fwww.secop.gov.co%3a443%2fCO1ContractsManagement%2fTendering%2fProcurementContractManagement%2fIndex&prevCtxLbl=Contratos+ | J6: EN EJECUCION | K6: 2 2. Funcionamiento | L6: SAL-047 Brindar servicios profesionales especializados de asesoría jurídica y regulatoria a la Unidad Administrativa Especial de Servicios Públicos - UAESP, con el fin de apoyar el fortalecimiento de su gestión institucional, contractual y normativa en materia de servicios públicos domiciliarios y actividades complementarias de su competencia | M6: SNE ABOGADOS SAS | N6: 225552600 | O6: =N6/Q6 -> 22555260 | Q6: 10 | R6: =N6 -> 225552600 | S6: SUBDIRECCION DE ASUNTOS LEGALES-SAL
A7: 6 | B7: UAESP-08-2026 | C7: 46030 | D7: 31 31-Servicios Profesionales | E7: PRESTACION DE SERVICIOS PROFESIONALES | F7: 5 Contratación directa | G7: UAESP-08-2026 | H7: 80161500 | I7: https://www.secop.gov.co/CO1ContractsManagement/Tendering/ProcurementContractEdit/Update?ProfileName=CCE-16-Servicios_profesionales_gestion&PPI=CO1.PPI.44473850&DocUniqueName=ContratoDeCompra&DocTypeName=NextWay.Entities.Marketplace.Tendering.ProcurementContract&ProfileVersion=8&DocUniqueIdentifier=CO1.PCCNTR.8782210&prevCtxUrl=https%3a%2f%2fwww.secop.gov.co%3a443%2fCO1ContractsManagement%2fTendering%2fProcurementContractManagement%2fIndex&prevCtxLbl=Contratos+ | J7: EN EJECUCION | K7: 2 2. Funcionamiento | L7: SDF 035 Prestar servicios profesionales a la Subdirección de Disposición Final, en el seguimiento a las obligaciones ambientales del componente lixiviados a cargo de CGR, Inter DJ y UAESP | M7: MARIA CATALINA CRUZ RICO | N7: 56000000 | O7: =N7/Q7 -> 8000000 | Q7: 7 | R7: =N7 -> 56000000 | S7: SUBDIRECCION DE DISPOSICION FINAL-SDF
A8: 7 | B8: UAESP-09-2026 | C8: 46029 | D8: 31 31-Servicios Profesionales | E8: PRESTACION DE SERVICIOS PROFESIONALES | F8: 5 Contratación directa | G8: UAESP-09-2026 | H8: 80161500 | I8: https://www.secop.gov.co/CO1ContractsManagement/Tendering/ProcurementContractEdit/Update?ProfileName=CCE-16-Servicios_profesionales_gestion&PPI=CO1.PPI.44476130&DocUniqueName=ContratoDeCompra&DocTypeName=NextWay.Entities.Marketplace.Tendering.ProcurementContract&ProfileVersion=8&DocUniqueIdentifier=CO1.PCCNTR.8783313&prevCtxUrl=https%3a%2f%2fwww.secop.gov.co%3a443%2fCO1ContractsManagement%2fTendering%2fProcurementContractManagement%2fIndex&prevCtxLbl=Contratos+ | J8: EN EJECUCION | K8: 1 1. Inversión | L8: SSF-002 Prestar los servicios profesionales a la Subdirección de Servicios Funerarios y Alumbrado Público, de seguimiento y control al componente técnico y operativo de la prestación de los servicios funerarios en los equipamientos propiedad del Distrito. | M8: ANA LORENA ORTIZ MEJIA | N8: 99000000 | O8: =N8/Q8 -> 9000000 | Q8: 11 | R8: =N8 -> 99000000 | S8: SUBDIRECCION DE SERVICIOS FUNERARIOS Y ALUMBRADO PUBLICO-SSFAP
A9: 8 | B9: UAESP-10-2026 | C9: 46030 | D9: 33 33-Servicios Apoyo a la Gestion de la Entidad (servicios administrativos) | E9: PRESTACION DE SERVICIOS DE APOYO | F9: 5 Contratación directa | G9: UAESP-10-2026 | H9: 80161500 | I9: https://community.secop.gov.co/Public/Tendering/ContractNoticePhases/View?PPI=CO1.PPI.44479911&isFromPublicArea=True&isModal=False | J9: EN EJECUCION | K9: 2 2. Funcionamiento | L9: SDF-034 Prestar servicios de apoyo a la gestión de la Subdirección de Disposición Final, en actividades administrativas y documentales | M9: NIXON DIAZ CISNEROS | N9: 24500000 | O9: =N9/Q9 -> 3500000 | Q9: 7 | R9: =N9 -> 24500000 | S9: SUBDIRECCION DE DISPOSICION FINAL-SDF
A10: 9 | B10: UAESP-11-2026 | C10: 46030 | D10: 31 31-Servicios Profesionales | E10: PRESTACION DE SERVICIOS PROFESIONALES | F10: 5 Contratación directa | G10: UAESP-11-2026 | H10: 80161500 | I10: https://community.secop.gov.co/Public/Tendering/ContractNoticePhases/View?PPI=CO1.PPI.44480446&isFromPublicArea=True&isModal=False | J10: EN EJECUCION | K10: 2 2. Funcionamiento | L10: SDF-005 Prestar servicios profesionales para apoyar técnicamente el seguimiento a la operación del sistema de disposición final y proyectos piloto de valorización de residuos, a partir del análisis de variables fisicoquímicas y ambientales | M10: ANDREA OTERO MOJICA | N10: 78000000 | O10: =N10/Q10 -> 7800000 | Q10: 10 | R10: =N10 -> 78000000 | S10: SUBDIRECCION DE DISPOSICION FINAL-SDF
A11: 10 | B11: UAESP-12-2026 | C11: 46029 | D11: 31 31-Servicios Profesionales | E11: PRESTACION DE SERVICIOS PROFESIONALES | F11: 5 Contratación directa | G11: UAESP-12-2026 | H11: 80161500 | I11: https://community.secop.gov.co/Public/Tendering/ContractNoticePhases/View?PPI=CO1.PPI.44489263&isFromPublicArea=True&isModal=False | J11: EN EJECUCION | K11: 1 1. Inversión | L11: SDF-004 Prestar servicios profesionales para apoyar técnicamente la formulación de estrategias relacionadas con la gestión integral de residuos sólidos, economía circular y sostenibilidad, así como el seguimiento a las condiciones de operación y transformación del Parque de Innovación doña Juana | M11: DANIEL BOCANEGRA RINCON | N11: 126000000 | O11: =N11/Q11 -> 14000000 | Q11: 9 | R11: =N11 -> 126000000 | S11: SUBDIRECCION DE DISPOSICION FINAL-SDF
A12: 11 | B12: UAESP-14-2026 | C12: 46029 | D12: 31 31-Servicios Profesionales | E12: PRESTACION DE SERVICIOS PROFESIONALES | F12: 5 Contratación directa | G12: UAESP-14-2026 | H12: 80161500 | I12: https://community.secop.gov.co/Public/Tendering/ContractNoticePhases/View?PPI=CO1.PPI.44486052&isFromPublicArea=True&isModal=False | J12: EN EJECUCION | K12: 1 1. Inversión | L12: SDF-036 Prestar servicios profesionales para el apoyo en el seguimiento del sistema integrado de gestión calidad de la Subdirección de Disposición Final | M12: ADRIANA ORJUELA | N12: 56000000 | O12: =N12/Q12 -> 8000000 | Q12: 7 | R12: =N12 -> 56000000 | S12: SUBDIRECCION DE DISPOSICION FINAL-SDF
A13: 12 | B13: UAESP-15-2026 | C13: 46029 | D13: 31 31-Servicios Profesionales | E13: PRESTACION DE SERVICIOS PROFESIONALES | F13: 5 Contratación directa | G13: UAESP-15-2026 | H13: 80161500 | I13: https://community.secop.gov.co/Public/Tendering/ContractNoticePhases/View?PPI=CO1.PPI.44480427&isFromPublicArea=True&isModal=False | J13: EN EJECUCION | K13: 1 1. Inversión | L13: SDF-017 Prestar servicios profesionales a la Subdirección de Disposición final en el seguimiento de las obligaciones ambientales a cargo de la interventoría, la concesión de disposición final, de biogás y las que se encuentran a cargo de la UAESP | M13: AURA CRISTINA GARCIA | N13: 59500000 | O13: =N13/Q13 -> 8500000 | Q13: 7 | R13: =N13 -> 59500000 | S13: SUBDIRECCION DE DISPOSICION FINAL-SDF
A14: 13 | B14: UAESP-16-2026 | C14: 46029 | D14: 31 31-Servicios Profesionales | E14: PRESTACION DE SERVICIOS PROFESIONALES | F14: 5 Contratación directa | G14: UAESP-16-2026 | H14: 80161500 | I14: https://community.secop.gov.co/Public/Tendering/ContractNoticePhases/View?PPI=CO1.PPI.44482740&isFromPublicArea=True&isModal=False | J14: EN EJECUCION | K14: 1 1. Inversión | L14: SDF-003 Prestar servicios profesionales en el seguimiento y evaluación de planes, programas e instrumentos de planeación, e instrumentos ambientales relacionados con la Subdirección de Disposición Final | M14: CARLOS GEOVANNY BORDA | N14: 84000000 | O14: =N14/Q14 -> 12000000 | Q14: 7 | R14: =N14 -> 84000000 | S14: SUBDIRECCION DE DISPOSICION FINAL-SDF
A15: 14 | B15: UAESP-17-2026 | C15: 46030 | D15: 31 31-Servicios Profesionales | E15: PRESTACION DE SERVICIOS PROFESIONALES | F15: 5 Contratación directa | G15: UAESP-17-2026 | H15: 80161500 | I15: https://community.secop.gov.co/Public/Tendering/ContractNoticePhases/View?PPI=CO1.PPI.44496102&isFromPublicArea=True&isModal=False | J15: EN EJECUCION | K15: 2 2. Funcionamiento | L15: SDF-009 Prestar servicios profesionales a la Subdirección de Disposición Final en el seguimiento a las actividades operativas del Parque de Innovación Doña Juana (PIDJ) | M15: Andrés Gerardo Castañeda Camargo | N15: 96000000 | O15: =N15/Q15 -> 12000000 | Q15: 8 | R15: =N15 -> 96000000 | S15: SUBDIRECCION DE DISPOSICION FINAL-SDF
A16: 15 | B16: UAESP-18-2026 | C16: 46030 | D16: 33 33-Servicios Apoyo a la Gestion de la Entidad (servicios administrativos) | E16: PRESTACION DE SERVICIOS DE APOYO | F16: 5 Contratación directa | G16: UAESP-18-2026 | H16: 80111600 | I16: https://community.secop.gov.co/Public/Tendering/ContractNoticePhases/View?PPI=CO1.PPI.44503824&isFromPublicArea=True&isModal=False | J16: EN EJECUCION | K16: 1 1. Inversión | L16: SAL-031 Brindar servicios de apoyo a la gestión en actividades administrativas y operativas a la Subdirección de Asuntos Legales de la Unidad Administrativa Especial de Servicios públicos - UAESP, con el fin de apoyar los requerimientos y gestión de los grupos de la Subdirección, y de los sistemas de información de la misma. | M16: THOMAS FELIPE RONCANCIO VILLARREAL | N16: 42120000 | O16: =N16/Q16 -> 4212000 | Q16: 10 | R16: =N16 -> 42120000 | S16: SUBDIRECCION DE ASUNTOS LEGALES-SAL
A17: 16 | B17: UAESP-19-2026 | C17: 46031 | D17: 31 31-Servicios Profesionales | E17: PRESTACION DE SERVICIOS PROFESIONALES | F17: 5 Contratación directa | G17: UAESP-19-2026. | H17: 80161500 | I17: https://community.secop.gov.co/Public/Tendering/ContractNoticePhases/View?PPI=CO1.PPI.44509430&isFromPublicArea=True&isModal=False | J17: EN EJECUCION | K17: 1 1. Inversión | L17: SDF-009 Prestar servicios profesionales a la Subdirección de Disposición Final en el seguimiento a las actividades operativas del Parque de Innovación Doña Juana (PIDJ) | M17: EDGAR FERNANDO VARGAS BUITRADO | N17: 87343137 | O17: =N17/Q17 -> 8734313.7 | Q17: 10 | R17: =N17 -> 87343137 | S17: OFICINA DE TECNOLOGIAS DE LA INFORMACION Y LAS COMUNICACIONES-TICS
A18: 17 | B18: UAESP-20-2026 | C18: 46031 | D18: 31 31-Servicios Profesionales | E18: PRESTACION DE SERVICIOS PROFESIONALES | F18: 5 Contratación directa | G18: UAESP-20-2026 | H18: 80161500 | I18: https://community.secop.gov.co/Public/Tendering/ContractNoticePhases/View?PPI=CO1.PPI.44519358&isFromPublicArea=True&isModal=False | J18: EN EJECUCION | K18: 2 2. Funcionamiento | L18: SDF-008 Prestar servicios profesionales para la estructuración, evaluación y seguimiento de planes, programas y proyectos asociados a la gestión de residuos a cargo de la Subdirección de Disposición Final. | M18: MARIA ELENA DIAZ ARIAS | N18: 66500000 | O18: =N18/Q18 -> 9500000 | Q18: 7 | R18: =N18 -> 66500000 | S18: SUBDIRECCION DE DISPOSICION FINAL-SDF
A19: 18 | B19: UAESP-21-2026 | C19: 46031 | D19: 31 31-Servicios Profesionales | E19: PRESTACION DE SERVICIOS PROFESIONALES | F19: 5 Contratación directa | G19: UAESP-21-2026 | H19: 80161500 | I19: https://community.secop.gov.co/Public/Tendering/ContractNoticePhases/View?PPI=CO1.PPI.44523334&isFromPublicArea=True&isModal=False | J19: EN EJECUCION | K19: 2 2. Funcionamiento | L19: RBL-002 Prestar servicios profesionales a la Subdirección de Recolección, Barrido y Limpieza de la UAESP, mediante la coordinación, seguimiento y ejecución de actividades relacionadas al componente jurídico y en especial en aquellos asuntos relacionados con la prestación del servicio público de aseo en la ciudad de Bogotá. | M19: MAYRA ALEJANDRA CHIA VARGAS | N19: 150000000 | O19: =N19/Q19 -> 12500000 | Q19: 12 | R19: =N19 -> 150000000 | S19: SUBDIRECCION DE RECOLECCION, BARRIDO Y LIMPIEZA-RBL
A20: 19 | B20: UAESP-22-2026 | C20: 46035 | D20: 33 33-Servicios Apoyo a la Gestion de la Entidad (servicios administrativos) | E20: PRESTACION DE SERVICIOS DE APOYO | F20: 5 Contratación directa | G20: UAESP-22-2026 | H20: 80161500 | I20: https://community.secop.gov.co/Public/Tendering/ContractNoticePhases/View?PPI=CO1.PPI.44521037&isFromPublicArea=True&isModal=False | J20: EN EJECUCION | K20: 2 2. Funcionamiento | L20: SDF-014 Prestar servicios de apoyo a la gestión de control y mantenimiento de predios cargo de la UAESP." | M20: FELIX ALBERTO PINZON MON TOYA | N20: 45000000 | O20: =N20/Q20 -> 4500000 | Q20: 10 | R20: =N20 -> 45000000 | S20: SUBDIRECCION DE DISPOSICION FINAL-SDF
A21: 20 | B21: UAESP-23-2026 | C21: 46031 | D21: 31 31-Servicios Profesionales | E21: PRESTACION DE SERVICIOS PROFESIONALES | F21: 5 Contratación directa | G21: UAESP-23-2026 | H21: 80161500 | I21: https://community.secop.gov.co/Public/Tendering/ContractNoticePhases/View?PPI=CO1.PPI.44521498&isFromPublicArea=True&isModal=False | J21: EN EJECUCION | K21: 2 2. Funcionamiento | L21: SDF 011 Prestar servicios profesionales en la formulación y ejecución de las actividades de tratamiento y valorización de residuos a cargo de la SDF, y apoyar en el seguimiento a la licencia ambiental del relleno sanitario Doña Juana | M21: STHEPANIE ROMAN PARDO | N21: 58800000 | O21: =N21/Q21 -> 8400000 | Q21: 7 | R21: =N21 -> 58800000 | S21: SUBDIRECCION DE DISPOSICION FINAL-SDF
A22: 21 | B22: UAESP-24-2026 | C22: 46030 | D22: 31 31-Servicios Profesionales | E22: PRESTACION DE SERVICIOS PROFESIONALES | F22: 5 Contratación directa | G22: UAESP-24-2026 | H22: 80161500 | I22: https://community.secop.gov.co/Public/Tendering/ContractNoticePhases/View?PPI=CO1.PPI.44510655&isFromPublicArea=True&isModal=False | J22: EN EJECUCION | K22: 1 1. Inversión | L22: RBL-008 Prestar los servicios profesionales realizando la gestión administrativa y de planeación de la Subdirección de Recolección Barrido y Limpieza con el fin de dar cumplimiento a las actividades de seguimiento y control del servicio público de aseo | M22: LESLIE PAMELA SERRANO ARTUNDUAGA | N22: 96000000 | O22: =N22/Q22 -> 8000000 | Q22: 12 | R22: =N22 -> 96000000 | S22: SUBDIRECCION DE RECOLECCION, BARRIDO Y LIMPIEZA-RBL
A23: 22 | B23: UAESP-25-2026 | C23: 46031 | D23: 31 31-Servicios Profesionales | E23: PRESTACION DE SERVICIOS PROFESIONALES | F23: 5 Contratación directa | G23: UAESP-25-2026 | H23: 80161500 | I23: https://community.secop.gov.co/Public/Tendering/ContractNoticePhases/View?PPI=CO1.PPI.44510251&isFromPublicArea=True&isModal=False | J23: EN EJECUCION | K23: 1 1. Inversión | L23: SDF007 Prestar servicios profesionales a la subdirección de Disposición Final en la planeación y gestión de la dependencia, así como en los asuntos financieros, tarifarios, regulatorios. | M23: Oswaldo Alfonso Arias Rodríguez | N23: 84000000 | O23: =N23/Q23 -> 12000000 | Q23: 7 | R23: =N23 -> 84000000 | S23: SUBDIRECCION DE DISPOSICION FINAL-SDF
A24: 23 | B24: UAESP-26-2026 | C24: 46031 | D24: 31 31-Servicios Profesionales | E24: PRESTACION DE SERVICIOS PROFESIONALES | F24: 5 Contratación directa | G24: UAESP-26-2026 | H24: 80161500 | I24: https://community.secop.gov.co/Public/Tendering/ContractNoticePhases/View?PPI=CO1.PPI.44511548&isFromPublicArea=True&isModal=False | J24: EN EJECUCION | K24: 1 1. Inversión | L24: RBL-001 Prestar servicios profesionales a la Subdirección de Recolección, Barrido y Limpieza de la UAESP, mediante la coordinación, seguimiento y ejecución de actividades relacionadas al componente jurídico y en especial en aquellos asuntos relacionados con la prestación del servicio público de aseo en la ciudad de Bogotá | M24: JUAN PABLO CONDE MARTÍNEZ | N24: 150000000 | O24: =N24/Q24 -> 12500000 | Q24: 12 | R24: =N24 -> 150000000 | S24: SUBDIRECCION DE RECOLECCION, BARRIDO Y LIMPIEZA-RBL
A25: 24 | B25: UAESP-27-2026 | C25: 46031 | D25: 31 31-Servicios Profesionales | E25: PRESTACION DE SERVICIOS PROFESIONALES | F25: 5 Contratación directa | G25: UAESP-27-2026 | H25: 80161500 | I25: https://community.secop.gov.co/Public/Tendering/ContractNoticePhases/View?PPI=CO1.PPI.44511843&isFromPublicArea=True&isModal=False | J25: EN EJECUCION | K25: 1 1. Inversión | L25: SDF 032 Prestar servicios profesionales para el seguimiento, verificación y acompañamiento técnico a la ejecución del Plan de Gestión social, dentro del área de influencia del PIDJ. | M25: LILIANA NIÑO ROMERO | N25: 64400000 | O25: =N25/Q25 -> 9200000 | Q25: 7 | R25: =N25 -> 64400000 | S25: SUBDIRECCION DE DISPOSICION FINAL-SDF
... A59: 58 | B59: UAESP-184-2026 | C59: 46043 | D59: 31 31-Servicios Profesionales | E59: PRESTACION DE SERVICIOS PROFESIONALES | F59: 5 Contratación directa | G59: UAESP-184-2026 | H59: 80111600 | I59: https://community.secop.gov.co/Public/Tendering/ContractNoticePhases/View?PPI=CO1.PPI.45135125&isFromPublicArea=True&isModal=False | J59: FIRMADO | K59: 1 1. Inversión | L59: SA-033 Prestar servicios profesionales a la Subdirección de Aprovechamiento para apoyar las actividades administrativas y técnicas de las acciones relacionadas con el fortalecimiento de la actividad de aprovechamiento y sus prestadores. | M59: ALISON XIOMARA URRUTIA RAMIREZ | N59: 59100000 | O59: =N59/Q59 -> 7387500 | Q59: 8 | R59: =N59 -> 59100000 | S59: SUBDIRECCION DE APROVECHAMIENTO-SA
A60: 59 | B60: UAESP-62-2026 | C60: 46036 | D60: 31 31-Servicios Profesionales | E60: PRESTACION DE SERVICIOS PROFESIONALES | F60: 5 Contratación directa | G60: UAESP-62-2026 | H60: 82111900 86131504 83121700 | I60: https://community.secop.gov.co/Public/Tendering/ContractNoticePhases/View?PPI=CO1.PPI.44689803&isFromPublicArea=True&isModal=False | J60: EN EJECUCION | K60: 1 1. Inversión | L60: OACRI-003 Prestar servicios profesionales en los procesos de contractuales, de calidad y administrativos de la Oficina de Comunicaciones de la Unidad Administrativa Especial de Servicios Públicos (UAESP) | M60: ANGELA MARCELA CUESTAS IDROBO | N60: 95000000 | O60: =N60/Q60 -> 9500000 | Q60: 10 | R60: =N60 -> 95000000 | S60: OFICINA ASESORA DE COMUNICACIONES Y RELACIONES INTERINSTITUCIONALES-OACRI
A61: 60 | B61: UAESP-063-2026 | C61: 46036 | D61: 31 31-Servicios Profesionales | E61: PRESTACION DE SERVICIOS PROFESIONALES | F61: 5 Contratación directa | G61: UAESP-63-2026 | H61: 80111600 | I61: https://community.secop.gov.co/Public/Tendering/ContractNoticePhases/View?PPI=CO1.PPI.44700014&isFromPublicArea=True&isModal=False | J61: EN EJECUCION | K61: 1 1. Inversión | L61: SAL-034 Brindar los servicios profesionales a la Subdirección de Asuntos Legales desde el punto de vista jurídico para el trámite precontractual, contractual y postcontractual de procesos contratación que deban ser tramitados por la dependencia. | M61: Jualiana Mercedes Solano | N61: 94770000 | O61: =N61/Q61 -> 9477000 | Q61: 10 | R61: =N61 -> 94770000 | S61: SUBDIRECCION DE ASUNTOS LEGALES-SAL
A62: 61 | B62: UAESP-64-2026 | C62: 46036 | D62: 31 31-Servicios Profesionales | E62: PRESTACION DE SERVICIOS PROFESIONALES | F62: 5 Contratación directa | G62: UAESP-64-2026 | H62: 80161500 | I62: https://community.secop.gov.co/Public/Tendering/ContractNoticePhases/View?PPI=CO1.PPI.44716331&isFromPublicArea=True&isModal=False | J62: EN EJECUCION | K62: 1 1. Inversión | L62: TIC-003 Prestar servicios profesionales de desarrollo, soporte técnico, mantenimiento e implementación de nuevas funcionalidades en el sistema de información SICAPITAL en los módulos de PERNO, SAE, SAI y Terceros | M62: JOHN KENNEDY LEON CASTIBLANCO | N62: 95550000 | O62: =N62/Q62 -> 9555000 | Q62: 10 | R62: =N62 -> 95550000 | S62: OFICINA DE TECNOLOGIAS DE LA INFORMACION Y LAS COMUNICACIONES-TICS
A63: 62 | B63: UAESP-56-2026 | C63: 46036 | D63: 33 33-Servicios Apoyo a la Gestion de la Entidad (servicios administrativos) | E63: PRESTACION DE SERVICIOS DE APOYO | F63: 5 Contratación directa | G63: UAESP-56-2026 | H63: 80111600 | I63: https://community.secop.gov.co/Public/Tendering/ContractNoticePhases/View?PPI=CO1.PPI.44679513&isFromPublicArea=True&isModal=False | J63: FIRMADO | K63: 2 2. Funcionamiento | L63: SA-035 Prestar servicios de apoyo a la gestión a la Subdirección de Aprovechamiento, para apoyar las acciones técnicas, administrativas y de gestión en campo de las estrategias e iniciativas a cargo de la de pendencia dirigidas a la población recicladora de la ciudad. | M63: ANDREA ESTEFANIA PAEZ HERNANDEZ | N63: 66000000 | O63: =N63/Q63 -> 5500000 | Q63: 12 | R63: =N63 -> 66000000 | S63: SUBDIRECCION DE APROVECHAMIENTO-SA
A64: 63 | B64: UAESP-66-2026 | C64: 46038 | D64: 31 31-Servicios Profesionales | E64: PRESTACION DE SERVICIOS PROFESIONALES | F64: 5 Contratación directa | G64: UAESP-66-2026 | H64: 80111600 | I64: https://community.secop.gov.co/Public/Tendering/ContractNoticePhases/View?PPI=CO1.PPI.44840551&isFromPublicArea=True&isModal=False | J64: EN EJECUCION | K64: 1 1. Inversión | L64: SAL-053 Brindar servicios profesionales para adelantar las actividades jurídicas y contractuales requeridas en los procesos a cargo de la subdirección, para proyectar los requerimientos, actos administrativos y/o respuestas a las solicitudes de competencia del área, de acuerdo con la normatividad vigente. | M64: MARIA CAMILA RANGEL BARRAGÁN | N64: 105300000 | O64: =N64/Q64 -> 10530000 | Q64: 10 | R64: =N64 -> 105300000 | S64: SUBDIRECCION DE ASUNTOS LEGALES-SAL
A65: 64 | B65: UAESP-67-2026 | C65: 46036 | D65: 31 31-Servicios Profesionales | E65: PRESTACION DE SERVICIOS PROFESIONALES | F65: 5 Contratación directa | G65: UAESP-67-2026 | H65: 80161500 | I65: https://community.secop.gov.co/Public/Tendering/ContractNoticePhases/View?PPI=CO1.PPI.44716295&isFromPublicArea=True&isModal=False | J65: EN EJECUCION | K65: 1 1. Inversión | L65: RBL-026 Prestación de servicios profesionales a la Subdirección de Recolección, Barrido y Limpieza de la Unidad Administrativa Especial de Servicios Públicos, en los aspectos técnicos y administrativos para la revisión, implementación, seguimiento y planeación de los programas, proyectos y funciones a cargo del área; así como en la proyección de instrumentos técnicos y regulatorios del servicio público de aseo y la gestión de residuos, bajo la normatividad vigente | M65: Willy Alberto Zambrano Chavez | N65: 156000000 | O65: =N65/Q65 -> 13000000 | Q65: 12 | R65: =N65 -> 156000000 | S65: SUBDIRECCION DE RECOLECCION, BARRIDO Y LIMPIEZA-RBL
A66: 65 | B66: UAESP-68-2026 | C66: 46036 | D66: 31 31-Servicios Profesionales | E66: PRESTACION DE SERVICIOS PROFESIONALES | F66: 5 Contratación directa | G66: UAESP-68-2026 | H66: 80161500 | I66: https://community.secop.gov.co/Public/Tendering/ContractNoticePhases/View?PPI=CO1.PPI.44718383&isFromPublicArea=True&isModal=False | J66: EN EJECUCION | K66: 1 1. Inversión | L66: TIC 011 Prestar servicios profesionales en el desarrollo, soporte y mantenimiento de los portales y canales digitales de la Unidad Administrativa Especial de Servicios Públicos - UAESP. | M66: YHEISON JAVIER GAMBA RONCANCIO | N66: 87343137 | O66: =N66/Q66 -> 8734313.7 | Q66: 10 | R66: =N66 -> 87343137 | S66: OFICINA DE TECNOLOGIAS DE LA INFORMACION Y LAS COMUNICACIONES-TICS
A67: 66 | B67: UAESP-198-2026 | C67: 46044 | D67: 31 31-Servicios Profesionales | E67: PRESTACION DE SERVICIOS PROFESIONALES | F67: 5 Contratación directa | G67: UAESP-198-2026 | H67: 80111600 | I67: https://community.secop.gov.co/Public/Tendering/ContractNoticePhases/View?PPI=CO1.PPI.45165370&isFromPublicArea=True&isModal=False | J67: FIRMADO | K67: 1 1. Inversión | L67: SA-073 Prestar servicios profesionales a la Subdirección de Aprovechamiento para apoyar las actividades juridicas, administrativas y técnicas de las acciones relacionadas con el fortalecimiento de la actividad de aprovechamiento y sus prestadore | M67: ANDRES FELIPE JIMENEZ FANDIÑO | N67: 70920000 | O67: =N67/Q67 -> 7880000 | Q67: 9 | R67: =N67 -> 70920000 | S67: SUBDIRECCION DE APROVECHAMIENTO-SA
A68: 67 | B68: UAESP-194-2026 | C68: 46044 | D68: 31 31-Servicios Profesionales | E68: PRESTACION DE SERVICIOS PROFESIONALES | F68: 5 Contratación directa | G68: UAESP-194-2026 | H68: 80111600 | I68: https://community.secop.gov.co/Public/Tendering/ContractNoticePhases/View?PPI=CO1.PPI.45147505&isFromPublicArea=True&isModal=False | J68: FIRMADO | K68: 1 1. Inversión | L68: SA-027 Prestar servicios profesionales a la Subdirección de Aprovechamiento para apoyar las actividades administrativas y técnicas de las acciones relacionadas con el fortalecimiento de la actividad de aprovechamiento y sus prestadores. | M68: Angie Gualdron | N68: 55160000 | O68: =N68/Q68 -> 7880000 | Q68: 7 | R68: =N68 -> 55160000 | S68: SUBDIRECCION DE APROVECHAMIENTO-SA
A69: 68 | B69: UAESP-71-2026 | C69: 46036 | D69: 33 33-Servicios Apoyo a la Gestion de la Entidad (servicios administrativos) | E69: PRESTACION DE SERVICIOS DE APOYO | F69: 5 Contratación directa | G69: UAESP-71-2026 | H69: 80161500 | I69: https://community.secop.gov.co/Public/Tendering/ContractNoticePhases/View?PPI=CO1.PPI.44725026&isFromPublicArea=True&isModal=False | J69: EN EJECUCION | K69: 1 1. Inversión | L69: OCDI-001 PRESTACION SERVICIOS DE APOYO A LA GESTION EN LA OFICINA DE CONTROL DISCIPLINARIO INTERNO DE LA UAESP EN LA EJECUCION DE ACTIVIDADES ADMINISTRATIVAS RELACIONADAS CON LA RECEPCION E INGRESO DE QUEJAS, NOTICIAS DISCIPLINARIAS, PETICIONES Y SOLICITUDES, ELABORACION DE ACTAS, INFORMES, COMUNICACIONES Y CITACIONES REQUERIDAS Y ATENCION A REQUERIMIENTOS INTERNOS, AUDITORIAS Y VISITAS DE ENTES DE CONTROL | M69: MARÍA ALICIA SARMIENTO MARIN | N69: 72000000 | O69: =N69/Q69 -> 6000000 | Q69: 12 | R69: =N69 -> 72000000 | S69: OFICINA DE CONTROL INTERNO DISCIPLINARIO-OCDI
A70: 69 | B70: UAESP-83-2026 | C70: 46038 | D70: 33 33-Servicios Apoyo a la Gestion de la Entidad (servicios administrativos) | E70: PRESTACION DE SERVICIOS DE APOYO | F70: 5 Contratación directa | G70: UAESP-83-2026 | H70: 80111600 | I70: https://community.secop.gov.co/Public/Tendering/ContractNoticePhases/View?PPI=CO1.PPI.44836287&isFromPublicArea=True&isModal=False | J70: EN EJECUCION | K70: 1 1. Inversión | L70: SA-069 Prestar servicios de apoyo a la gestión en la Subdirección de Aprovechamiento, para desarrollar actividades operativas y administrativas que promuevan de forma oportuna el uso de los espacios asignados para la sepración de reciduos de la población carretera y recicladora | M70: BEYER LEONIDAS RESTREPO USECHE | N70: 37800000 | O70: =N70/Q70 -> 4200000 | Q70: 9 | R70: =N70 -> 37800000 | S70: SUBDIRECCION DE APROVECHAMIENTO-SA
A71: 70 | B71: UAESP-73-2026 | C71: 46036 | D71: 31 31-Servicios Profesionales | E71: PRESTACION DE SERVICIOS PROFESIONALES | F71: 5 Contratación directa | G71: UAESP-73-2026 | H71: 80111600 | I71: https://community.secop.gov.co/Public/Tendering/ContractNoticePhases/View?PPI=CO1.PPI.44742744&isFromPublicArea=True&isModal=False | J71: EN EJECUCION | K71: 1 1. Inversión | L71: SAL-051 Brindar servicios profesionales a la Subdirección de Asuntos Legales en el ámbito de la contratación estatal, con el objetivo de apoyar las fases precontractual, contractual y postcontractual de los procesos de contratación solicitados por las distintas dependencias de la Unidad Administrativa Especial de Servicios Públicos | M71: DANIELA HENAO TABORDA | N71: 105300000 | O71: =N71/Q71 -> 10530000 | Q71: 10 | R71: =N71 -> 105300000 | S71: SUBDIRECCION DE ASUNTOS LEGALES-SAL
A72: 71 | B72: UAESP-74-2026 | C72: 46036 | D72: 31 31-Servicios Profesionales | E72: PRESTACION DE SERVICIOS PROFESIONALES | F72: 5 Contratación directa | G72: UAESP-74-2026 | H72: 80111600 | I72: https://community.secop.gov.co/Public/Tendering/ContractNoticePhases/View?PPI=CO1.PPI.44747777&isFromPublicArea=True&isModal=False | J72: EN EJECUCION | K72: 1 1. Inversión | L72: SAL-015 Brindar servicios profesionales a la Subdirección de Asuntos Legales en el ámbito de la contratación estatal, con el objetivo de apoyar las fases precontractual, contractual y postcontractual de los procesos de contratación solicitados por las distintas dependencias de la Unidad Administrativa Especial de Servicios Públicos. | M72: ANA MARIA MANCIPE MONTENEGRO | N72: 105300000 | O72: =N72/Q72 -> 10530000 | Q72: 10 | R72: =N72 -> 105300000 | S72: SUBDIRECCION DE ASUNTOS LEGALES-SAL
... A94: 93 | B94: UAESP-97-2026 | C94: 46038 | D94: 33 33-Servicios Apoyo a la Gestion de la Entidad (servicios administrativos) | E94: PRESTACION DE SERVICIOS DE APOYO | F94: 5 Contratación directa | G94: UAESP-97-2026 | H94: 80161500 | I94: https://community.secop.gov.co/Public/Tendering/ContractNoticePhases/View?PPI=CO1.PPI.44952986&isFromPublicArea=True&isModal=False | J94: EN EJECUCION | K94: 1 1. Inversión | L94: RBL-014 Prestar los servicios de apoyo a la gestión y en temas administrativos de la Subdirección de RBL de la Unidad Administrativa Especial de Servicios Públicos - UAESP, mediante la gestión, manejo de correspondencia y/o requerimientos recibidas y producidas por la misma área a través del Sistema de Gestión Documental y/o sistemas que se definan para los trámites, relacionada con la prestación del servicio público de aseo | M94: JUAN MANUEL SIERRA PARDO | N94: 60000000 | O94: =N94/Q94 -> 5000000 | Q94: 12 | R94: =N94 -> 60000000 | S94: SUBDIRECCION DE RECOLECCION, BARRIDO Y LIMPIEZA-RBL
A95: 94 | B95: UAESP-98-2026 | C95: 46038 | D95: 31 31-Servicios Profesionales | E95: PRESTACION DE SERVICIOS PROFESIONALES | F95: 5 Contratación directa | G95: UAESP-98-2026 | H95: 80111600 | I95: https://community.secop.gov.co/Public/Tendering/ContractNoticePhases/View?PPI=CO1.PPI.44894379&isFromPublicArea=True&isModal=False | J95: EN EJECUCION | K95: 1 1. Inversión | L95: SAL-016 Brindar servicios profesionales en derecho para ejercer la representación judicial, extrajudicial y administrativa, en materias de derecho administrativo, laboral y como tambien en procesos policivos | M95: Ancibar Andres León Albarracin | N95: 105300000 | O95: =N95/Q95 -> 10530000 | Q95: 10 | R95: =N95 -> 105300000 | S95: SUBDIRECCION DE ASUNTOS LEGALES-SAL
A96: 95 | B96: UAESP-99-2026 | C96: 46038 | D96: 33 33-Servicios Apoyo a la Gestion de la Entidad (servicios administrativos) | E96: PRESTACION DE SERVICIOS DE APOYO | F96: 5 Contratación directa | G96: UAESP-99-2026 | H96: 80111600 | I96: https://community.secop.gov.co/Public/Tendering/ContractNoticePhases/View?PPI=CO1.PPI.44894369&isFromPublicArea=True&isModal=False | J96: EN EJECUCION | K96: 1 1. Inversión | L96: SAL-029 Brindar servicios de apoyo a la gestión en actividades administrativas y operativas a la Subdirección de Asuntos Legales de la Unidad Administrativa Especial de Servicios públicos - UAESP, con el fin de apoyar los requerimientos y gestión de los grupos de la Subdirección, y de los sistemas de información de la misma | M96: Ana Ofelia Calderón Calderón | N96: 42120000 | O96: =N96/Q96 -> 4212000 | Q96: 10 | R96: =N96 -> 42120000 | S96: SUBDIRECCION DE ASUNTOS LEGALES-SAL
A97: 96 | B97: UAESP-100-2026 | C97: 46038 | D97: 33 33-Servicios Apoyo a la Gestion de la Entidad (servicios administrativos) | E97: PRESTACION DE SERVICIOS DE APOYO | F97: 5 Contratación directa | G97: UAESP-100-2026 | H97: 80111600 | I97: https://community.secop.gov.co/Public/Tendering/ContractNoticePhases/View?PPI=CO1.PPI.44889063&isFromPublicArea=True&isModal=False | J97: EN EJECUCION | K97: 1 1. Inversión | L97: SAL-026 Brindar apoyo a la gestión en el seguimiento de los contratos suscritos por la Subdirección de Asuntos Legales, ejerciendo la efectiva revisión y trámite de reservas y pasivos, así como las cuentas de cobro presentadas por los contratistas. | M97: MARIA JOSÉ MONROY TINJACA | N97: 42121400 | O97: =N97/Q97 -> 7020233.3 | Q97: 6 | R97: =N97 -> 42121400 | S97: SUBDIRECCION DE ASUNTOS LEGALES-SAL
A98: 97 | B98: UAESP-101-2026 | C98: 46038 | D98: 31 31-Servicios Profesionales | E98: PRESTACION DE SERVICIOS PROFESIONALES | F98: 5 Contratación directa | G98: UAESP-101-2026 | H98: 80111600 | I98: https://community.secop.gov.co/Public/Tendering/ContractNoticePhases/View?PPI=CO1.PPI.44889533&isFromPublicArea=True&isModal=False | J98: EN EJECUCION | K98: 1 1. Inversión | L98: SAL-014 Brindar servicios profesionales a la Subdirección de Asuntos Legales en el ámbito de la contratación estatal, con el objetivo de apoyar las fases precontractual, contractual y postcontractual de los procesos de contratación solicitados por las distintas dependencias de la Unidad Administrativa Especial de Servicios Públicos. | M98: ERNESTO FABRIZIO ARMELLA VELASQUEZ | N98: 105300000 | O98: =N98/Q98 -> 10530000 | Q98: 10 | R98: =N98 -> 105300000 | S98: SUBDIRECCION DE ASUNTOS LEGALES-SAL
A99: 98 | B99: UAESP-102-2026 | C99: 46038 | D99: 33 33-Servicios Apoyo a la Gestion de la Entidad (servicios administrativos) | E99: PRESTACION DE SERVICIOS DE APOYO | F99: 5 Contratación directa | G99: UAESP-102-2026 | H99: 80111600 | I99: https://community.secop.gov.co/Public/Tendering/ContractNoticePhases/View?PPI=CO1.PPI.44892631&isFromPublicArea=True&isModal=False | J99: EN EJECUCION | K99: 1 1. Inversión | L99: SAL-027 Brindar servicios de apoyo a la gestión operativa de la Subdirección de asuntos Legales adelantando las actividades administrativo y operativas propias de la dependencia | M99: DIANA CAROLINA MUÑOZ | N99: 73710000 | O99: =N99/Q99 -> 7371000 | Q99: 10 | R99: =N99 -> 73710000 | S99: SUBDIRECCION DE ASUNTOS LEGALES-SAL
A100: 99 | B100: UAESP-103-2026 | C100: 46038 | D100: 31 31-Servicios Profesionales | E100: PRESTACION DE SERVICIOS PROFESIONALES | F100: 5 Contratación directa | G100: UAESP-103-2026 | H100: 80111600 | I100: https://community.secop.gov.co/Public/Tendering/ContractNoticePhases/View?PPI=CO1.PPI.45494003&isFromPublicArea=True&isModal=False | J100: FIRMADO | K100: 1 1. Inversión | L100: SAL - 009 Brindar servicios profesionales de asesoría jurídica integral a la Subdirección de Asuntos Legales en el desarrollo de las actividades que le competen por delegación de competencias | M100: HERNANDO CASTRO NIETO | N100: 190400000 | O100: =N100/Q100 -> 19040000 | Q100: 10 | R100: =N100 -> 190400000 | S100: SUBDIRECCION DE ASUNTOS LEGALES-SAL
A101: 100 | B101: UAESP-104-2026 | C101: 46038 | D101: 31 31-Servicios Profesionales | E101: PRESTACION DE SERVICIOS PROFESIONALES | F101: 5 Contratación directa | G101: UAESP-104-2026 | H101: 80111600 | I101: https://community.secop.gov.co/Public/Tendering/ContractNoticePhases/View?PPI=CO1.PPI.44894357&isFromPublicArea=True&isModal=False | J101: FIRMADO | K101: 2 2. Funcionamiento | L101: SAL-007 Brindar los servicios profesionales desde el punto de vista jurídico para ejercer la representación judicial y extrajudicial de la Entidad, con especial enfasis en los procesos o litigios de naturaleza penal. | M101: IVAN CANCINO ABOGADOS SAS | N101: 152685000 | O101: =N101/Q101 -> 15268500 | Q101: 10 | R101: =N101 -> 152685000 | S101: SUBDIRECCION DE ASUNTOS LEGALES-SAL
A102: 101 | B102: UAESP-105-2026 | C102: 46038 | D102: 31 31-Servicios Profesionales | E102: PRESTACION DE SERVICIOS PROFESIONALES | F102: 5 Contratación directa | G102: UAESP-105-2026 | H102: 80111600 | I102: https://community.secop.gov.co/Public/Tendering/ContractNoticePhases/View?PPI=CO1.PPI.44894554&isFromPublicArea=True&isModal=False | J102: FIRMADO | K102: 1 1. Inversión | L102: SAL-023 Brindar los servicios profesionales en la Subdirección de Asuntos Legales, con especial atencion a los cargos operativos y técnicos, para la gestión, administración e implementación del Sistema Electrónico de Contratación Pública SECOP II y la Tienda Virtual del Estado Colombiano | M102: LAURA CAMILA CASTILLA | N102: 84240000 | O102: =N102/Q102 -> 8424000 | Q102: 10 | R102: =N102 -> 84240000 | S102: SUBDIRECCION DE ASUNTOS LEGALES-SAL
A103: 102 | B103: UAESP-106-2026 | C103: 46038 | D103: 31 31-Servicios Profesionales | E103: PRESTACION DE SERVICIOS PROFESIONALES | F103: 5 Contratación directa | G103: UAESP-106-2026 | H103: 80111600 | I103: https://community.secop.gov.co/Public/Tendering/ContractNoticePhases/View?PPI=CO1.PPI.44894731&isFromPublicArea=True&isModal=False | J103: EN EJECUCION | K103: 1 1. Inversión | L103: SAL-003 Brindar los servicios profesionales desde el punto de vista jurídico con el objeto de ejercer la representación judicial, extrajudicial en la jurisdicción ordinaria, administrativa y constitucional de la Entidad | M103: JUAN CARLOS JIMENEZ | N103: 157950000 | O103: =N103/Q103 -> 15795000 | Q103: 10 | R103: =N103 -> 157950000 | S103: SUBDIRECCION DE ASUNTOS LEGALES-SAL
A104: 103 | B104: UAESP-107-2026 | C104: 46038 | D104: 31 31-Servicios Profesionales | E104: PRESTACION DE SERVICIOS PROFESIONALES | F104: 5 Contratación directa | G104: UAESP-107-2026 | H104: 80111600 | I104: https://community.secop.gov.co/Public/Tendering/ContractNoticePhases/View?PPI=CO1.PPI.44896052&isFromPublicArea=True&isModal=False | J104: FIRMADO | K104: 1 1. Inversión | L104: SAL-037 Brindar servicios profesionales a la Subdirección de Asuntos Legales dentro de los procesos de contratacion en las etapas precontractuales y contractuales, teniendo en cuenta los requerimientos solicitados por las diferentes dependencias de la Unidad Administrativa Especial de Servicios Públicos | M104: DIANA MARÍA GONZALEZ GORDILLO | N104: 94770000 | O104: =N104/Q104 -> 9477000 | Q104: 10 | R104: =N104 -> 94770000 | S104: SUBDIRECCION DE ASUNTOS LEGALES-SAL
A105: 104 | B105: UAESP-108-2026 | C105: 46038 | D105: 31 31-Servicios Profesionales | E105: PRESTACION DE SERVICIOS PROFESIONALES | F105: 5 Contratación directa | G105: UAESP-108-2026 | H105: 80111600 | I105: https://community.secop.gov.co/Public/Tendering/ContractNoticePhases/View?PPI=CO1.PPI.44897578&isFromPublicArea=True&isModal=False | J105: EN EJECUCION | K105: 1 1. Inversión | L105: SAL-004 Brindar servicios profesionales de asesoría jurídica integral especialmente en temas de contratación pública y en derecho público, para atender los asuntos derivados del funcionamiento y la operación de la UAESP. | M105: JUAN PABLO ESTRADA SANCHEZ - ESTRATEGIA LEGAL LTDA. | N105: 220077000 | O105: =N105/Q105 -> 22007700 | Q105: 10 | R105: =N105 -> 220077000 | S105: SUBDIRECCION DE ASUNTOS LEGALES-SAL
A106: 105 | B106: UAESP-109-2026 | C106: 46039 | D106: 31 31-Servicios Profesionales | E106: PRESTACION DE SERVICIOS PROFESIONALES | F106: 5 Contratación directa | G106: UAESP-109-2026 | H106: 80161500 | I106: https://community.secop.gov.co/Public/Tendering/ContractNoticePhases/View?PPI=CO1.PPI.45044372&isFromPublicArea=True&isModal=False | J106: FIRMADO | K106: 1 1. Inversión | L106: SAP-002 Prestar servicios profesionales desde el ámbito de la ingeniería eléctrica, orientando el desarrollo de las actividades relacionadas con el área técnica, con la revisión y aprobación de proyectos de Alumbrado Público y con la implementación de alternativas tecnológicas sobre la infraestructura. | M106: Cesar Andrés Doncel Díaz | N106: 99000000 | O106: =N106/Q106 -> 9000000 | Q106: 11 | R106: =N106 -> 99000000 | S106: SUBDIRECCION DE SERVICIOS FUNERARIOS Y ALUMBRADO PUBLICO-SSFAP
A107: 106 | B107: UAESP-110-2026 | C107: 46041 | D107: 33 33-Servicios Apoyo a la Gestion de la Entidad (servicios administrativos) | E107: PRESTACION DE SERVICIOS DE APOYO | F107: 5 Contratación directa | G107: UAESP-110-2026 | H107: 80161500 | I107: https://community.secop.gov.co/Public/Tendering/ContractNoticePhases/View?PPI=CO1.PPI.44969520&isFromPublicArea=True&isModal=False | J107: FIRMADO | K107: 1 1. Inversión | L107: SAF-036 Prestar servicios de apoyo a la gestión a la Subdirección Administrativa y Financiera en el proceso de servicio al ciudadano referente a apoyar lo relacionado con Sistema Integrado de gestión, atención de canales de comunicación con el ciudadano y lo relacionado con gestión documental | M107: JAIRO ENRIQUE VELANDIA VELANDIA | N107: 72000000 | O107: =N107/Q107 -> 6000000 | Q107: 12 | R107: =N107 -> 72000000 | S107: SUBDIRECCION ADMINISTRATIVA Y FINANCIERA-SAF
A108: 107 | B108: UAESP-111-2026 | C108: 46041 | D108: 31 31-Servicios Profesionales | E108: PRESTACION DE SERVICIOS PROFESIONALES | F108: 5 Contratación directa | G108: UAESP-111-2026 | H108: 80161500 | I108: https://community.secop.gov.co/Public/Tendering/ContractNoticePhases/View?PPI=CO1.PPI.44974864&isFromPublicArea=True&isModal=False | J108: EN EJECUCION | K108: 1 1. Inversión | L108: RBL-058 Prestar los servicios profesionales a la Subdirección de Recolección, Barrido y Limpieza de la Unidad Administrativa Especial de Servicios Públicos mediante la verificación y seguimiento a los aspectos técnicos y operativos de la prestación del servicio público y el de aseo en la ciudad de Bogotá. | M108: VALENTINA ARDILA RAMOS | N108: 96000000 | O108: =N108/Q108 -> 8000000 | Q108: 12 | R108: =N108 -> 96000000 | S108: SUBDIRECCION DE RECOLECCION, BARRIDO Y LIMPIEZA-RBL
A109: 108 | B109: UAESP-112-2026 | C109: 46041 | D109: 31 31-Servicios Profesionales | E109: PRESTACION DE SERVICIOS PROFESIONALES | F109: 5 Contratación directa | G109: UAESP-112-2026 | H109: 80161500 | I109: https://community.secop.gov.co/Public/Tendering/ContractNoticePhases/View?PPI=CO1.PPI.44983838&isFromPublicArea=True&isModal=False | J109: EN EJECUCION | K109: 1 1. Inversión | L109: RBL-043 Prestar los servicios profesionales a la Subdirección de Recolección, Barrido y Limpieza de la Unidad Administrativa Especial de Servicios Públicos en lo concerniente a la planeación, supervisión, seguimiento y control de las actividades del componente de poda de árboles y corte de césped en la prestación del servicio público de aseo en el distrito capital. | M109: MAURICIO TRUJILLO REYES | N109: 96000000 | O109: =N109/Q109 -> 8000000 | Q109: 12 | R109: =N109 -> 96000000 | S109: SUBDIRECCION DE RECOLECCION, BARRIDO Y LIMPIEZA-RBL
A110: 109 | B110: UAESP-113-2026 | C110: 46041 | D110: 31 31-Servicios Profesionales | E110: PRESTACION DE SERVICIOS PROFESIONALES | F110: 5 Contratación directa | G110: UAESP-113-2026 | H110: 80161500 | I110: https://community.secop.gov.co/Public/Tendering/ContractNoticePhases/View?PPI=CO1.PPI.44994094&isFromPublicArea=True&isModal=False | J110: EN EJECUCION | K110: 1 1. Inversión | L110: RBL-059 Prestar los servicios profesionales a la Subdirección de Recolección, Barrido y Limpieza de la Unidad Administrativa Especial de Servicios Públicos mediante la verificación y seguimiento a los aspectos técnicos y operativos de la prestación del servicio público y el de aseo en la ciudad de Bogotá | M110: WILDER ARMANDO CALENTURA ARIAS | N110: 96000000 | O110: =N110/Q110 -> 8000000 | Q110: 12 | R110: =N110 -> 96000000 | S110: SUBDIRECCION DE RECOLECCION, BARRIDO Y LIMPIEZA-RBL
... A114: 113 | B114: UAESP-118-2026 | C114: 46041 | D114: 31 31-Servicios Profesionales | E114: PRESTACION DE SERVICIOS PROFESIONALES | F114: 5 Contratación directa | G114: UAESP-118-2026 | H114: 80161500 | I114: https://community.secop.gov.co/Public/Tendering/ContractNoticePhases/View?PPI=CO1.PPI.45001327&isFromPublicArea=True&isModal=False | J114: FIRMADO | K114: 2 2. Funcionamiento | L114: RBL-079 Prestar los servicios profesionales a la Subdirección de Recolección, Barrido y Limpieza de la Unidad Administrativa Especial de Servicios Públicos mediante la verificación y seguimiento a los aspectos técnicos y operativos de la prestación del servicio público y el de aseo en la ciudad de Bogotá | M114: JEIMMY ALEXANDRA RINCÓN MEDINA | N114: 96000000 | O114: =N114/Q114 -> 8000000 | Q114: 12 | R114: =N114 -> 96000000 | S114: SUBDIRECCION DE RECOLECCION, BARRIDO Y LIMPIEZA-RBL
A115: 114 | B115: UAESP-148-2026 | C115: 46042 | D115: 31 31-Servicios Profesionales | E115: PRESTACION DE SERVICIOS PROFESIONALES | F115: 5 Contratación directa | G115: UAESP-148-2026 | H115: 80111600 | I115: https://community.secop.gov.co/Public/Tendering/ContractNoticePhases/View?PPI=CO1.PPI.45047012&isFromPublicArea=True&isModal=False | J115: FIRMADO | K115: 1 1. Inversión | L115: SA-005 Prestar servicios profesionales a la Subdirección de Aprovechamiento, para desarrollar acciones relacionadas con la verificación, actualización, modificación o ajuste de los registros de población recicladora y sus organizaciones. | M115: DANIELA ALEXANDRA RUEDA JUNCO | N115: 76961333 | O115: $7.880.000 | Q115: 10 | R115: =N115 -> 76961333 | S115: SUBDIRECCION DE APROVECHAMIENTO-SA
A116: 115 | B116: UAESP-120-2026 | C116: 46041 | D116: 31 31-Servicios Profesionales | E116: PRESTACION DE SERVICIOS PROFESIONALES | F116: 5 Contratación directa | G116: UAESP-120-2026 | H116: 80111600 | I116: https://community.secop.gov.co/Public/Tendering/ContractNoticePhases/View?PPI=CO1.PPI.44987670&isFromPublicArea=True&isModal=False | J116: EN EJECUCION | K116: 1 1. Inversión | L116: SA-072 Prestar servicios profesionales a la Subdirección de Aprovechamiento para la gestión y apoyo al proceso de evaluación, adjudicación y seguimiento de los proyectos de Incentivos al Aprovechamiento y Tratamiento de residuos Sólidos (IAT) | M116: DIANA MIREYA GONZALEZ HERNÁNDEZ | N116: 72000000 | O116: =N116/Q116 -> 8000000 | Q116: 9 | R116: =N116 -> 72000000 | S116: SUBDIRECCION DE APROVECHAMIENTO-SA
A117: 116 | B117: UAESP-121-2026 | C117: 46041 | D117: 31 31-Servicios Profesionales | E117: PRESTACION DE SERVICIOS PROFESIONALES | F117: 5 Contratación directa | G117: UAESP-121-2026 | H117: 80161500 | I117: https://community.secop.gov.co/Public/Tendering/ContractNoticePhases/View?PPI=CO1.PPI.44997116&isFromPublicArea=True&isModal=False | J117: EN EJECUCION | K117: 1 1. Inversión | L117: RBL-052 Prestar los servicios profesionales para realizar el seguimiento y la evaluación de la implementación del Plan de Gestión Integral de Residuos Sólidos (PGIRS) Distrital, mediante la consolidación, análisis y validación de la información técnica y financiera que permitan medir el avance de las actividades ejecutadas por la Subdirección de Recolección, Barrido y Limpieza | M117: ERIKA LICEDT VIDARTE CUELLAR | N117: 102000000 | O117: =N117/Q117 -> 8500000 | Q117: 12 | R117: =N117 -> 102000000 | S117: SUBDIRECCION DE RECOLECCION, BARRIDO Y LIMPIEZA-RBL
A118: 117 | B118: UAESP-122-2026 | C118: 46041 | D118: 31 31-Servicios Profesionales | E118: PRESTACION DE SERVICIOS PROFESIONALES | F118: 5 Contratación directa | G118: UAESP-122-2026 | H118: 80161500 | I118: https://community.secop.gov.co/Public/Tendering/ContractNoticePhases/View?PPI=CO1.PPI.44998256&isFromPublicArea=True&isModal=False | J118: EN EJECUCION | K118: 1 1. Inversión | L118: SAF-038 Prestar servicios profesionales a la Subdirección Administrativa y Financiera apoyando los temas relacionados con la gestión del PAA (Plan Anual de Adquisiciones), seguimiento a la contratación y otros planes y programas | M118: DIANA NATALIA HEMELBERG SARMIENTO | N118: 90000000 | O118: =N118/Q118 -> 9000000 | Q118: 10 | R118: =N118 -> 90000000 | S118: SUBDIRECCION ADMINISTRATIVA Y FINANCIERA-SAF
A119: 118 | B119: UAESP-123-2026 | C119: 46041 | D119: 31 31-Servicios Profesionales | E119: PRESTACION DE SERVICIOS PROFESIONALES | F119: 5 Contratación directa | G119: UAESP-123-2026 | H119: 80161500 | I119: https://community.secop.gov.co/Public/Tendering/ContractNoticePhases/View?PPI=CO1.PPI.45007462&isFromPublicArea=True&isModal=False | J119: EN EJECUCION | K119: 2 2. Funcionamiento | L119: RBL-142 Prestar servicios profesionales para la revisión, compilación, depuración, integración y análisis de información alfanumérica y geográfica asociada al componente comercial del servicio público de aseo, con el fin de consolidar, validar y generar insumos técnicos que permitan apoyar la toma de decisiones, el seguimiento a la prestación del servicio, la evaluación del esquema comercial vigente y el cumplimiento de obligaciones regulatorias, contractuales y de reporte, de conformidad con la normativa aplicable | M119: WILLIAM ALEXANDER MARTINEZ BLANCO | N119: 120000000 | O119: =N119/Q119 -> 10000000 | Q119: 12 | R119: =N119 -> 120000000 | S119: SUBDIRECCION DE RECOLECCION, BARRIDO Y LIMPIEZA-RBL
A120: 119 | B120: UAESP-124-2026 | C120: 46041 | D120: 31 31-Servicios Profesionales | E120: PRESTACION DE SERVICIOS PROFESIONALES | F120: 5 Contratación directa | G120: UAESP-124-2026 | H120: 80161500 | I120: https://community.secop.gov.co/Public/Tendering/ContractNoticePhases/View?PPI=CO1.PPI.45005687&isFromPublicArea=True&isModal=False | J120: EN EJECUCION | K120: 2 2. Funcionamiento | L120: TIC 008 Prestar servicios profesionales en lo administrativo, organizativo y de seguimiento en los procesos internos de la Oficina de Tecnologías de la Información y Comunicaciones - TIC, enfocándose en la gestión eficiente de comunicaciones, análisis de datos administrativos y cumplimiento de requerimientos institucionales. | M120: MARCELA DEL PILAR ARGUELLES CEBALLOS | N120: 73500000 | O120: =N120/Q120 -> 7350000 | Q120: 10 | R120: =N120 -> 73500000 | S120: OFICINA DE TECNOLOGIAS DE LA INFORMACION Y LAS COMUNICACIONES-TICS
A121: 120 | B121: UAESP-125-2026 | C121: 46041 | D121: 31 31-Servicios Profesionales | E121: PRESTACION DE SERVICIOS PROFESIONALES | F121: 5 Contratación directa | G121: UAESP-125-2026 | H121: 80161500 | I121: https://community.secop.gov.co/Public/Tendering/ContractNoticePhases/View?PPI=CO1.PPI.44994975&isFromPublicArea=True&isModal=False | J121: EN EJECUCION | K121: 1 1. Inversión | L121: SDF-019 -Prestar servicios profesionales de asesoría jurídica para apoyar a la Subdirección en la gestión de asuntos legales y administrativos, así como en el seguimiento y control de las actividades ejecutadas por los profesionales a su cargo, con el fin de garantizar el cumplimiento de las funciones misionales y operativas de la Subdirección de Disposición Final. | M121: MAYELI RIOS DELGADO | N121: 128000000 | O121: =N121/Q121 -> 12800000 | Q121: 10 | R121: =N121 -> 128000000 | S121: SUBDIRECCION DE DISPOSICION FINAL-SDF
A122: 121 | B122: UAESP-126-2026 | C122: 46041 | D122: 31 31-Servicios Profesionales | E122: PRESTACION DE SERVICIOS PROFESIONALES | F122: 5 Contratación directa | G122: UAESP-126-2026 | H122: 80161500 | I122: https://community.secop.gov.co/Public/Tendering/ContractNoticePhases/View?PPI=CO1.PPI.45010154&isFromPublicArea=True&isModal=False | J122: EN EJECUCION | K122: 1 1. Inversión | L122: RBL-139 Prestar servicios profesionales de carácter jurídico para apoyar la estructuración, seguimiento y análisis de las actuaciones administrativas derivadas de la gestión de residuos especiales por fuera del servicio publico de aseo del Distrito Capital, mediante la elaboración de conceptos, informes técnicos-jurídicos y recomendaciones orientadas al cumplimiento del marco normativo aplicable | M122: HELMAN ALEXANDER GONZALEZ FONSECA | N122: 156000000 | O122: =N122/Q122 -> 13000000 | Q122: 12 | R122: =N122 -> 156000000 | S122: SUBDIRECCION DE RECOLECCION, BARRIDO Y LIMPIEZA-RBL
A123: 122 | B123: UAESP-127-2026 | C123: 46041 | D123: 31 31-Servicios Profesionales | E123: PRESTACION DE SERVICIOS PROFESIONALES | F123: 5 Contratación directa | G123: UAESP-127-2026 | H123: 80161500 | I123: https://community.secop.gov.co/Public/Tendering/ContractNoticePhases/View?PPI=CO1.PPI.45012636&isFromPublicArea=True&isModal=False | J123: EN EJECUCION | K123: 2 2. Funcionamiento | L123: SDF-002 Prestar servicios profesionales en la revisión de las infraestructuras del PIDJ, así como apoyar en los planes, programas y proyectos a cargo de la Subdirección de Disposición Final. | M123: Carlos Andrés Acero Beltrán | N123: 66500000 | O123: =N123/Q123 -> 9500000 | Q123: 7 | R123: =N123 -> 66500000 | S123: SUBDIRECCION DE DISPOSICION FINAL-SDF
A124: 123 | B124: UAESP-128-2026 | C124: 46041 | D124: 31 31-Servicios Profesionales | E124: PRESTACION DE SERVICIOS PROFESIONALES | F124: 5 Contratación directa | G124: UAESP-128-2026 | H124: 80161500 | I124: https://community.secop.gov.co/Public/Tendering/ContractNoticePhases/View?PPI=CO1.PPI.45012564&isFromPublicArea=True&isModal=False | J124: EN EJECUCION | K124: 1 1. Inversión | L124: RBL-071 Prestar los servicios profesionales a la Subdirección de Recolección, Barrido y Limpieza de la Unidad Administrativa Especial de Servicios Públicos mediante la verificación y seguimiento a los aspectos técnicos y operativos de la prestación del servicio público y el de aseo en la ciudad de Bogotá. | M124: DAVID SANTIAGO GAITAN MOYA | N124: 96000000 | O124: =N124/Q124 -> 8000000 | Q124: 12 | R124: =N124 -> 96000000 | S124: SUBDIRECCION DE RECOLECCION, BARRIDO Y LIMPIEZA-RBL
A125: 124 | B125: UAESP-129-2026 | C125: 46041 | D125: 31 31-Servicios Profesionales | E125: PRESTACION DE SERVICIOS PROFESIONALES | F125: 5 Contratación directa | G125: UAESP-129-2026 | H125: 80161500 | I125: https://community.secop.gov.co/Public/Tendering/ContractNoticePhases/View?PPI=CO1.PPI.45031201&isFromPublicArea=True&isModal=False | J125: EN EJECUCION | K125: 1 1. Inversión | L125: RBL-064 Prestar los servicios profesionales a la Subdirección de Recolección, Barrido y Limpieza de la Unidad Administrativa Especial de Servicios Públicos mediante la verificación y seguimiento a los aspectos técnicos y operativos de la prestación del servicio público y el de aseo en la ciudad de Bogotá. | M125: JUAN CAMILO HERNANDEZ | N125: 96000000 | O125: =N125/Q125 -> 8000000 | Q125: 12 | R125: =N125 -> 96000000 | S125: SUBDIRECCION DE RECOLECCION, BARRIDO Y LIMPIEZA-RBL
A126: 125 | B126: UAESP-130-2026 | C126: 46041 | D126: 31 31-Servicios Profesionales | E126: PRESTACION DE SERVICIOS PROFESIONALES | F126: 5 Contratación directa | G126: UAESP-130-2026 | H126: 80161500 | I126: https://community.secop.gov.co/Public/Tendering/ContractNoticePhases/View?PPI=CO1.PPI.45009770&isFromPublicArea=True&isModal=False | J126: EN EJECUCION | K126: 2 2. Funcionamiento | L126: DG-004 Prestar servicios profesionales para coordinar y articular la implementación de las estrategias de residuos enfocadas en la recuperación del espacio público y mejora de la percepción ciudadana mediante la articulación de los sectores de hábitat, gobierno, seguridad y ambiente. | M126: DIANA CAROLINA CAÑON LOPEZ | N126: 156000000 | O126: =N126/Q126 -> 13000000 | Q126: 12 | R126: =N126 -> 156000000 | S126: DIRECCION GENERAL
A127: 126 | B127: UAESP-131-2026 | C127: 46041 | D127: 31 31-Servicios Profesionales | E127: PRESTACION DE SERVICIOS PROFESIONALES | F127: 5 Contratación directa | G127: UAESP-131-2026 | H127: 80161500 | I127: https://community.secop.gov.co/Public/Tendering/ContractNoticePhases/View?PPI=CO1.PPI.45014730&isFromPublicArea=True&isModal=False | J127: EN EJECUCION | K127: 1 1. Inversión | L127: RBL-062 Prestar los servicios profesionales a la Subdirección de Recolección, Barrido y Limpieza de la Unidad Administrativa Especial de Servicios Públicos mediante la verificación y seguimiento a los aspectos técnicos y operativos de la prestación del servicio público y el de aseo en la ciudad de Bogotá | M127: MARÍA PAULA SILVA RINCON | N127: 96000000 | O127: =N127/Q127 -> 8000000 | Q127: 12 | R127: =N127 -> 96000000 | S127: SUBDIRECCION DE RECOLECCION, BARRIDO Y LIMPIEZA-RBL
A128: 127 | B128: UAESP-132-2026 | C128: 46041 | D128: 31 31-Servicios Profesionales | E128: PRESTACION DE SERVICIOS PROFESIONALES | F128: 5 Contratación directa | G128: UAESP-132-2026 | H128: 80161500 | I128: https://community.secop.gov.co/Public/Tendering/ContractNoticePhases/View?PPI=CO1.PPI.45011687&isFromPublicArea=True&isModal=False | J128: EN EJECUCION | K128: 2 2. Funcionamiento | L128: DG-005 Prestar servicios profesionales a la Dirección General de la UAESP, para apoyar el análisis y seguimiento de la política y la regulación aplicables al servicio público de aseo en el Distrito Capital, así como la evaluación de sus impactos técnicos, económicos y tarifarios, mediante la elaboración de insumos y recomendaciones que contribuyan al fortalecimiento institucional y a la adecuada prestación del servicio en condiciones de calidad, eficiencia y sostenibilidad. | M128: SOFIA HELENA BELTRAN GACHARNA | N128: 148500000 | O128: =N128/Q128 -> 13500000 | Q128: 11 | R128: =N128 -> 148500000 | S128: DIRECCION GENERAL
A129: 128 | B129: UAESP-133-2026 | C129: 46041 | D129: 31 31-Servicios Profesionales | E129: PRESTACION DE SERVICIOS PROFESIONALES | F129: 5 Contratación directa | G129: UAESP-133-2026 | H129: 80161500 | I129: https://community.secop.gov.co/Public/Tendering/ContractNoticePhases/View?PPI=CO1.PPI.45022995&isFromPublicArea=True&isModal=False | J129: FIRMADO | K129: 1 1. Inversión | L129: RBL-039 Prestar los servicios profesionales a la Unidad Administrativa Especial de Servicios Públicos - UAESP, para la supervisión técnica, documental y operativa del cumplimiento de los requerimientos mínimos del Sistema de Información de Aseo (SIGAB) y sus módulos asociados, incluyendo la verificación del control de calidad de los datos, la consolidación de la información, el aseguramiento de la operación durante la vigencia del contrato, y la supervisión de la entrega final de activos, documentación y respaldos tecnológicos que garanticen la continuidad de la gestión integral de residuos sólidos | M129: EFRAIN MARTÍNEZ MARTÍNEZ | N129: 108000000 | O129: =N129/Q129 -> 9000000 | Q129: 12 | R129: =N129 -> 108000000 | S129: SUBDIRECCION DE RECOLECCION, BARRIDO Y LIMPIEZA-RBL
A130: 129 | B130: UAESP-134-2026 | C130: 46041 | D130: 31 31-Servicios Profesionales | E130: PRESTACION DE SERVICIOS PROFESIONALES | F130: 5 Contratación directa | G130: UAESP-134-2026 | H130: 80161500 | I130: https://community.secop.gov.co/Public/Tendering/ContractNoticePhases/View?PPI=CO1.PPI.45010066&isFromPublicArea=True&isModal=False | J130: EN EJECUCION | K130: 1 1. Inversión | L130: RBL-091 Prestar los servicios profesionales a la Subdirección de Recolección, Barrido y Limpieza de la Unidad Administrativa Especial de Servicios Públicos mediante la verificación y seguimiento a los aspectos técnicos y operativos de la prestación del servicio público y el de aseo en la ciudad de Bogotá. | M130: MARÍA ELENA POVEDA MURCIA | N130: 96000000 | O130: =N130/Q130 -> 8000000 | Q130: 12 | R130: =N130 -> 96000000 | S130: SUBDIRECCION DE RECOLECCION, BARRIDO Y LIMPIEZA-RBL
A131: 130 | B131: UAESP-135-2026 | C131: 46041 | D131: 31 31-Servicios Profesionales | E131: PRESTACION DE SERVICIOS PROFESIONALES | F131: 5 Contratación directa | G131: UAESP-135-2026 | H131: 80161500 | I131: https://community.secop.gov.co/Public/Tendering/ContractNoticePhases/View?PPI=CO1.PPI.45034858&isFromPublicArea=True&isModal=False | J131: EN EJECUCION | K131: 1 1. Inversión | L131: RBL-078 Prestar los servicios profesionales a la Subdirección de Recolección, Barrido y Limpieza de la Unidad Administrativa Especial de Servicios Públicos mediante la verificación y seguimiento a los aspectos técnicos y operativos de la prestación del servicio público y el de aseo en la ciudad de Bogotá. | M131: PAOLA MARITZA GONZALEZ MALDONADO | N131: 96000000 | O131: =N131/Q131 -> 8000000 | Q131: 12 | R131: =N131 -> 96000000 | S131: SUBDIRECCION DE RECOLECCION, BARRIDO Y LIMPIEZA-RBL
A132: 131 | B132: UAESP-136-2026 | C132: 46041 | D132: 31 31-Servicios Profesionales | E132: PRESTACION DE SERVICIOS PROFESIONALES | F132: 5 Contratación directa | G132: UAESP-136-2026 | H132: 80161500 | I132: https://community.secop.gov.co/Public/Tendering/ContractNoticePhases/View?PPI=CO1.PPI.45017712&isFromPublicArea=True&isModal=False | J132: EN EJECUCION | K132: 1 1. Inversión | L132: RBL-095 Prestar los servicios profesionales a la Subdirección de Recolección, Barrido y Limpieza de la Unidad Administrativa Especial de Servicios Públicos mediante la verificación y seguimiento a los aspectos técnicos y operativos de la prestación del servicio público y el de aseo en la ciudad de Bogotá. | M132: KATHERINN VIVIANA FORERO GONZÁLEZ | N132: 96000000 | O132: =N132/Q132 -> 8000000 | Q132: 12 | R132: =N132 -> 96000000 | S132: SUBDIRECCION DE RECOLECCION, BARRIDO Y LIMPIEZA-RBL
A133: 132 | B133: UAESP-137-2026 | C133: 46041 | D133: 31 31-Servicios Profesionales | E133: PRESTACION DE SERVICIOS PROFESIONALES | F133: 5 Contratación directa | G133: UAESP-137-2026 | H133: 80161500 | I133: https://community.secop.gov.co/Public/Tendering/ContractNoticePhases/View?PPI=CO1.PPI.45038213&isFromPublicArea=True&isModal=False | J133: EN EJECUCION | K133: 1 1. Inversión | L133: RBL-096 Prestar los servicios profesionales a la Subdirección de Recolección, Barrido y Limpieza de la Unidad Administrativa Especial de Servicios Públicos mediante la verificación y seguimiento a los aspectos técnicos y operativos de la prestación del servicio público y el de aseo en la ciudad de Bogotá | M133: Geraldine Muñoz Cortes | N133: 96000000 | O133: =N133/Q133 -> 8000000 | Q133: 12 | R133: =N133 -> 96000000 | S133: SUBDIRECCION DE RECOLECCION, BARRIDO Y LIMPIEZA-RBL
A134: 133 | B134: UAESP-138-2026 | C134: 46041 | D134: 31 31-Servicios Profesionales | E134: PRESTACION DE SERVICIOS PROFESIONALES | F134: 5 Contratación directa | G134: UAESP-138-2026 | H134: 80161500 | I134: https://community.secop.gov.co/Public/Tendering/ContractNoticePhases/View?PPI=CO1.PPI.45018246&isFromPublicArea=True&isModal=False | J134: EN EJECUCION | K134: 1 1. Inversión | L134: SDF-030 Prestar servicios profesionales en la ejecución del plan de gestión social a cargo de la UAESP. garantizando el cumplimiento de las actividades de comunicación, relacionamiento comunitario, y apoyo a los procesos sociales. | M134: LIZETH TRELLEZ | N134: 59500000 | O134: =N134/Q134 -> 8500000 | Q134: 7 | R134: =N134 -> 59500000 | S134: SUBDIRECCION DE DISPOSICION FINAL-SDF
A135: 134 | B135: UAESP-139-2026 | C135: 46041 | D135: 31 31-Servicios Profesionales | E135: PRESTACION DE SERVICIOS PROFESIONALES | F135: 5 Contratación directa | G135: UAESP-139-2026 | H135: 80111600 | I135: https://community.secop.gov.co/Public/Tendering/ContractNoticePhases/View?PPI=CO1.PPI.45040342&isFromPublicArea=True&isModal=False | J135: FIRMADO | K135: 1 1. Inversión | L135: SAL-040 Prestar los servicios profesionales a la Subdirección de Asuntos Legales desde el punto de vista jurídico para brindar acompañamiento a los trámites a su cargo. | M135: JAIME ALBERTO LENIN CHAPARRO PLAZAS | N135: $ 42.120.000 | O135: $42.120.000 | Q135: 4 | R135: =N135 -> $ 42.120.000 | S135: SUBDIRECCION DE ASUNTOS LEGALES-SAL
A136: 135 | B136: UAESP-141-2026 | C136: 46042 | D136: 31 31-Servicios Profesionales | E136: PRESTACION DE SERVICIOS PROFESIONALES | F136: 5 Contratación directa | G136: UAESP-141-2026 | H136: 80161500 | I136: https://community.secop.gov.co/Public/Tendering/ContractNoticePhases/View?PPI=CO1.PPI.45033404&isFromPublicArea=True&isModal=False | J136: EN EJECUCION | K136: 1 1. Inversión | L136: RBL-046 Prestar los servicios profesionales a la Subdirección de Recolección, Barrido y Limpieza de la Unidad Administrativa Especial de Servicios Públicos en lo concerniente a la planeación, supervisión, seguimiento y control de las actividades del componente de poda de árboles y corte de césped en la prestación del servicio público de aseo en el distrito capital | M136: LUIS ANTONIO PARDO SOLER | N136: 96000000 | O136: =N136/Q136 -> 8000000 | Q136: 12 | R136: =N136 -> 96000000 | S136: SUBDIRECCION DE RECOLECCION, BARRIDO Y LIMPIEZA-RBL
A137: 136 | B137: UAESP-142-2026 | C137: 46042 | D137: 31 31-Servicios Profesionales | E137: PRESTACION DE SERVICIOS PROFESIONALES | F137: 5 Contratación directa | G137: UAESP-142-2026 | H137: 80161500 | I137: https://community.secop.gov.co/Public/Tendering/ContractNoticePhases/View?PPI=CO1.PPI.45105475&isFromPublicArea=True&isModal=False | J137: FIRMADO | K137: 1 1. Inversión | L137: SAF-063 Prestar los servicios profesionales para apoyar las actividades, procesos, procedimientos y requerimientos que sean competencia del despacho de la subdirección administrativa y financiera. | M137: Jorge Luis Sandoval Sánchez | N137: 85000000 | O137: =N137/Q137 -> 8500000 | Q137: 10 | R137: =N137 -> 85000000 | S137: SUBDIRECCION ADMINISTRATIVA Y FINANCIERA-SAF
A138: 137 | B138: UAESP-143-2026 | C138: 46042 | D138: 31 31-Servicios Profesionales | E138: PRESTACION DE SERVICIOS PROFESIONALES | F138: 5 Contratación directa | G138: UAESP-143-2026 | H138: 80161500 | I138: https://community.secop.gov.co/Public/Tendering/ContractNoticePhases/View?PPI=CO1.PPI.45035754&isFromPublicArea=True&isModal=False | J138: FIRMADO | K138: 1 1. Inversión | L138: RBL-140 Prestar los servicios profesionales en asuntos regulatorios y tarifarios, en apoyo a la Subdirección de RBL de la UAESP, aplicables al servicio público de aseo en el Distrito Capital, así como la evaluación de sus impactos técnicos, económicos y tarifarios, mediante la elaboración de insumos y recomendaciones que contribuyan al fortalecimiento institucional y a la adecuada prestación del servicio en condiciones de calidad, eficiencia y sostenibilidad | M138: OMAR JOSE MAESTRE FELIZZOLA | N138: 156000000 | O138: =N138/Q138 -> 13000000 | Q138: 12 | R138: =N138 -> 156000000 | S138: SUBDIRECCION DE RECOLECCION, BARRIDO Y LIMPIEZA-RBL
A139: 138 | B139: UAESP-144-2026 | C139: 46042 | D139: 31 31-Servicios Profesionales | E139: PRESTACION DE SERVICIOS PROFESIONALES | F139: 5 Contratación directa | G139: UAESP-144-2026 | H139: 80161500 | I139: https://community.secop.gov.co/Public/Tendering/ContractNoticePhases/View?PPI=CO1.PPI.45037336&isFromPublicArea=True&isModal=False | J139: EN EJECUCION | K139: 1 1. Inversión | L139: RBL-007 Prestar los servicios profesionales a la Subdirección de Recolección, Barrido y Limpieza de la UAESP brindado apoyo en la gestión contractual, así como en la proyección y seguimiento de trámites de procesos de presuntos incumplimientos, acciones constitucionales y procesos judiciales asociados a la prestación del servicio público de aseo de la ciudad de Bogotá. | M139: CLAUDIA GISELA TORRES RANGEL | N139: 108000000 | O139: =N139/Q139 -> 9000000 | Q139: 12 | R139: =N139 -> 108000000 | S139: SUBDIRECCION DE RECOLECCION, BARRIDO Y LIMPIEZA-RBL
A140: 139 | B140: UAESP-145-2026 | C140: 46042 | D140: 31 31-Servicios Profesionales | E140: PRESTACION DE SERVICIOS PROFESIONALES | F140: 5 Contratación directa | G140: UAESP-145-2026 | H140: 80161500 | I140: https://community.secop.gov.co/Public/Tendering/ContractNoticePhases/View?PPI=CO1.PPI.45044284&isFromPublicArea=True&isModal=False | J140: EN EJECUCION | K140: 1 1. Inversión | L140: RBL-038 Prestar los servicios profesionales a la Unidad Administrativa Especial de Servicios Públicos -UAESP, para la estructuración, publicación, visualización, procesamiento, y actualización de la información geográfica y alfanumérica asociada a la gestión integral de residuos sólidos en el Distrito Capital, incluyendo la generación de productos temáticos, la documentación técnica y la consolidación de insumos para la planeación y toma de decisiones institucionales relativa a la gestión integral de residuos, en cumplimiento de la normatividad vigente y los programas del PGIRS en la ciudad de Bogotá | M140: ANNY LISSETH GIRALDO SOLANO | N140: 120000000 | O140: =N140/Q140 -> 10000000 | Q140: 12 | R140: =N140 -> 120000000 | S140: SUBDIRECCION DE RECOLECCION, BARRIDO Y LIMPIEZA-RBL
A141: 140 | B141: UAESP-146-2026 | C141: 46042 | D141: 33 33-Servicios Apoyo a la Gestion de la Entidad (servicios administrativos) | E141: PRESTACION DE SERVICIOS DE APOYO A LA GESTIÓN | F141: 5 Contratación directa | G141: UAESP-146-2026 | H141: 80161500 | I141: https://community.secop.gov.co/Public/Tendering/ContractNoticePhases/View?PPI=CO1.PPI.45039666&isFromPublicArea=True&isModal=False | J141: EN EJECUCION | K141: 1 1. Inversión | L141: RBL-013 Prestar los servicios de apoyo a la gestión y en temas administrativos de la Subdirección de RBL de la Unidad Administrativa Especial de Servicios Públicos - UAESP, mediante la gestión, manejo de correspondencia y/o requerimientos recibidas y producidas por la misma área a través del Sistema de Gestión Documental y/o sistemas que se definan para los trámites, relacionada con la prestación del servicio público de aseo | M141: MARIA ALEJANDRA DURAN GONZALEZ | N141: 60000000 | O141: =N141/Q141 -> 5000000 | Q141: 12 | R141: =N141 -> 60000000 | S141: SUBDIRECCION DE RECOLECCION, BARRIDO Y LIMPIEZA-RBL
A142: 141 | B142: UAESP-147-2026 | C142: 46042 | D142: 31 31-Servicios Profesionales | E142: PRESTACION DE SERVICIOS PROFESIONALES | F142: 5 Contratación directa | G142: UAESP-147-2026 | H142: 80161500 | I142: https://community.secop.gov.co/Public/Tendering/ContractNoticePhases/View?PPI=CO1.PPI.45043672&isFromPublicArea=True&isModal=False | J142: EN EJECUCION | K142: 1 1. Inversión | L142: RBL-093 Prestar los servicios profesionales a la Subdirección de Recolección, Barrido y Limpieza de la Unidad Administrativa Especial de Servicios Públicos mediante la verificación y seguimiento a los aspectos técnicos y operativos de la prestación del servicio público y el de aseo en la ciudad de Bogotá | M142: JONATHAN RUDA SUAREZ | N142: 96000000 | O142: =N142/Q142 -> 8000000 | Q142: 12 | R142: =N142 -> 96000000 | S142: SUBDIRECCION DE RECOLECCION, BARRIDO Y LIMPIEZA-RBL
A143: 142 | B143: UAESP-61-2026 | C143: 46036 | D143: 31 31-Servicios Profesionales | E143: PRESTACION DE SERVICIOS PROFESIONALES | F143: 5 Contratación directa | G143: UAESP-61-2026 | H143: 80111600 | I143: https://community.secop.gov.co/Public/Tendering/ContractNoticePhases/View?PPI=CO1.PPI.44687835&isFromPublicArea=True&isModal=False | J143: EN EJECUCION | K143: 1 1. Inversión | L143: SA-021 Prestar servicios profesionales para implementar acciones afirmativas para fortalecer a la población recicladora y sus organizaciones. | M143: Diego alejandro Pinto Moreno | N143: 54000000 | O143: =N143/Q143 -> 9000000 | Q143: 6 | R143: =N143 -> 54000000 | S143: SUBDIRECCION DE APROVECHAMIENTO-SA
A144: 143 | B144: UAESP-149-2026 | C144: 46042 | D144: 31 31-Servicios Profesionales | E144: PRESTACION DE SERVICIOS PROFESIONALES | F144: 5 Contratación directa | G144: UAESP-149-2026 | H144: 80161500 | I144: https://community.secop.gov.co/Public/Tendering/ContractNoticePhases/View?PPI=CO1.PPI.45051143&isFromPublicArea=True&isModal=False | J144: EN EJECUCION | K144: 1 1. Inversión | L144: RBL-088 Prestar los servicios profesionales a la Subdirección de Recolección, Barrido y Limpieza de la Unidad Administrativa Especial de Servicios Públicos mediante la verificación y seguimiento a los aspectos técnicos y operativos de la prestación del servicio público y el de aseo en la ciudad de Bogotá | M144: JENIFFER ELIANA RODRIGUEZ SALAMANCA | N144: 96000000 | O144: =N144/Q144 -> 8000000 | Q144: 12 | R144: =N144 -> 96000000 | S144: SUBDIRECCION DE RECOLECCION, BARRIDO Y LIMPIEZA-RBL
A145: 144 | B145: UAESP-151-2026 | C145: 46042 | D145: 31 31-Servicios Profesionales | E145: PRESTACION DE SERVICIOS PROFESIONALES | F145: 5 Contratación directa | G145: UAESP-151-2026 | H145: 80111600 | I145: https://community.secop.gov.co/Public/Tendering/ContractNoticePhases/View?PPI=CO1.PPI.45048060&isFromPublicArea=True&isModal=False | J145: FIRMADO | K145: 1 1. Inversión | L145: SA-010 Prestar servicios profesionales a la Subdirección de Aprovechamiento, para apoyar la coordinación de las acciones administrativas y de gestión en campo destinadas a la verificación, actualización, modificación o ajuste de los registros de la población recicladora y sus infraestructuras de las actividad de aprovechamiento | M145: GALO AHUMADA NAVARRO | N145: 80000000 | O145: =N145/Q145 -> 6666666.7 | Q145: 12 | R145: =N145 -> 80000000 | S145: SUBDIRECCION DE APROVECHAMIENTO-SA
A146: 145 | B146: UAESP-224-2026. | C146: 46046 | D146: 132 132-Arrendamiento de bienes inmuebles | E146: ARRENDAMIENTO DE INMUEBLES | F146: 5 Contratación directa | G146: UAESP-224-2026 | H146: 80131500 | I146: https://community.secop.gov.co/Public/Tendering/ContractNoticePhases/View?PPI=CO1.PPI.45336610&isFromPublicArea=True&isModal=False | J146: FIRMADO | K146: 1 1. Inversión | L146: SA-067 Arrendamiento de un inmueble ubicado en Bogotá, D.C., para adelantar acciones a favor de la población carretera, en cumplimiento de la Directiva 004 de 2021 expedida por la Alcaldía Mayor de Bogotá. | M146: GLADYS RUGE CEBALLOS Suba-067 | N146: 212083200 | O146: =N146/Q146 -> 17673600 | Q146: 12 | R146: =N146 -> 212083200 | S146: SUBDIRECCION DE APROVECHAMIENTO-SA
A147: 146 | B147: UAESP-152-2026 | C147: 46042 | D147: 31 31-Servicios Profesionales | E147: PRESTACION DE SERVICIOS PROFESIONALES | F147: 5 Contratación directa | G147: UAESP-152-2026 | H147: 80161500 | I147: https://community.secop.gov.co/Public/Tendering/ContractNoticePhases/View?PPI=CO1.PPI.45049196&isFromPublicArea=True&isModal=False | J147: EN EJECUCION | K147: 2 2. Funcionamiento | L147: RBL-081 Prestar los servicios profesionales a la Subdirección de Recolección, Barrido y Limpieza de la Unidad Administrativa Especial de Servicios Públicos mediante la verificación y seguimiento a los aspectos técnicos y operativos de la prestación del servicio público y el de aseo en la ciudad de Bogotá. | M147: YENY FABIOLA ROMERO ROBAYO | N147: 96000000 | O147: =N147/Q147 -> 8000000 | Q147: 12 | R147: =N147 -> 96000000 | S147: SUBDIRECCION DE RECOLECCION, BARRIDO Y LIMPIEZA-RBL
A148: 147 | B148: UAESP-153-2026 | C148: 46042 | D148: 31 31-Servicios Profesionales | E148: PRESTACION DE SERVICIOS PROFESIONALES | F148: 5 Contratación directa | G148: UAESP-153-2026 | H148: 80161500 | I148: https://community.secop.gov.co/Public/Tendering/ContractNoticePhases/View?PPI=CO1.PPI.45050370&isFromPublicArea=True&isModal=False | J148: EN EJECUCION | K148: 1 1. Inversión | L148: RBL-044 Prestar los servicios profesionales a la Subdirección de Recolección, Barrido y Limpieza de la Unidad Administrativa Especial de Servicios Públicos en lo concerniente a la planeación, supervisión, seguimiento y control de las actividades del componente de poda de árboles y corte de césped en la prestación del servicio público de aseo en el distrito capital. | M148: LEIDY TATIANA RODRÍGUEZ REY | N148: 96000000 | O148: =N148/Q148 -> 8000000 | Q148: 12 | R148: =N148 -> 96000000 | S148: SUBDIRECCION DE RECOLECCION, BARRIDO Y LIMPIEZA-RBL
A149: 148 | B149: UAESP-154-2026 | C149: 46042 | D149: 31 31-Servicios Profesionales | E149: PRESTACION DE SERVICIOS PROFESIONALES | F149: 5 Contratación directa | G149: UAESP-154-2026 | H149: 80161500 | I149: https://community.secop.gov.co/Public/Tendering/ContractNoticePhases/View?PPI=CO1.PPI.45050494&isFromPublicArea=True&isModal=False | J149: EN EJECUCION | K149: 1 1. Inversión | L149: RBL-050 Prestar los servicios profesionales para efectuar el seguimiento y la evaluación de la implementación del Plan de Gestión Integral de Residuos Sólidos (PGIRS) Distrital, mediante el análisis técnico y financiero de las actividades desarrolladas por la Subdirección de Recolección, Barrido y Limpieza | M149: CLAUDIA JANNETH JARAMILLO GOMEZ | N149: 120000000 | O149: =N149/Q149 -> 10000000 | Q149: 12 | R149: =N149 -> 120000000 | S149: SUBDIRECCION DE RECOLECCION, BARRIDO Y LIMPIEZA-RBL
A150: 149 | B150: UAESP-155-2026 | C150: 46042 | D150: 31 31-Servicios Profesionales | E150: PRESTACION DE SERVICIOS PROFESIONALES | F150: 5 Contratación directa | G150: UAESP-155-2026 | H150: 80161500 | I150: https://community.secop.gov.co/Public/Tendering/ContractNoticePhases/View?PPI=CO1.PPI.45050473&isFromPublicArea=True&isModal=False | J150: FIRMADO | K150: 1 1. Inversión | L150: OAP-001 Prestar servicios profesionales brindando apoyo jurídico dentro del proceso de políticas publicas y realizar el seguimiento juridico al Plan de Gestión Integral de Residuos Sólidos – PGIRS y demás procesos asignados a la Oficina Asesora de Planeación de la UAESP, con el fin de fortalecer la planeación estratégica y el cumplimiento de los objetivos institucionales. | M150: NANCY CELIS YARURO | N150: 54000000 | O150: =N150/Q150 -> 9000000 | Q150: 6 | R150: =N150 -> 54000000 | S150: OFICINA ASESORA DE PLANEACION-OAP
A151: 150 | B151: UAESP-156-2026 | C151: 46042 | D151: 31 31-Servicios Profesionales | E151: PRESTACION DE SERVICIOS PROFESIONALES | F151: 5 Contratación directa | G151: UAESP-156-2026 | H151: 80161500 | I151: https://community.secop.gov.co/Public/Tendering/ContractNoticePhases/View?PPI=CO1.PPI.45055506&isFromPublicArea=True&isModal=False | J151: EN EJECUCION | K151: 1 1. Inversión | L151: RBL-072 Prestar los servicios profesionales a la Subdirección de Recolección, Barrido y Limpieza de la Unidad Administrativa Especial de Servicios Públicos mediante la verificación y seguimiento a los aspectos técnicos y operativos de la prestación del servicio público y el de aseo en la ciudad de Bogotá. | M151: SAMUEL DAVID CAMACHO BARROS | N151: 96000000 | O151: =N151/Q151 -> 8000000 | Q151: 12 | R151: =N151 -> 96000000 | S151: SUBDIRECCION DE RECOLECCION, BARRIDO Y LIMPIEZA-RBL
A152: 151 | B152: UAESP-157-2026 | C152: 46042 | D152: 31 31-Servicios Profesionales | E152: PRESTACION DE SERVICIOS PROFESIONALES | F152: 5 Contratación directa | G152: UAESP-157-2026 | H152: 80161500 | I152: https://community.secop.gov.co/Public/Tendering/ContractNoticePhases/View?PPI=CO1.PPI.45129651&isFromPublicArea=True&isModal=False | J152: EN EJECUCION | K152: 1 1. Inversión | L152: RBL-077 Prestar los servicios profesionales a la Subdirección de Recolección, Barrido y Limpieza de la Unidad Administrativa Especial de Servicios Públicos mediante la verificación y seguimiento a los aspectos técnicos y operativos de la prestación del servicio público y el de aseo en la ciudad de Bogotá. | M152: LUISA FERNANDA IZQUIERDO TOLEDO | N152: 96000000 | O152: =N152/Q152 -> 8000000 | Q152: 12 | R152: =N152 -> 96000000 | S152: SUBDIRECCION DE RECOLECCION, BARRIDO Y LIMPIEZA-RBL
A153: 152 | B153: UAESP-260-2026 | C153: 46048 | D153: 31 31-Servicios Profesionales | E153: PRESTACION DE SERVICIOS DE APOYO | F153: 5 Contratación directa | G153: UAESP-260-2026 | H153: 80111600 | I153: https://community.secop.gov.co/Public/Tendering/ContractNoticePhases/View?PPI=CO1.PPI.45339680&isFromPublicArea=True&isModal=False | J153: FIRMADO | K153: 1 1. Inversión | L153: SA-029 Prestar servicios profesionales a la Subdirección de Aprovechamiento para la gestión y apoyo al proceso de evluación, adjudicación y seguimiento de los proyectos de Incentivos al Aprovechamiento y Tratamiento de residuos Sólidos (IAT). | M153: Hannah Ginneth Paez Casallas | N153: 72000000 | O153: =N153/Q153 -> 8000000 | Q153: 9 | R153: =N153 -> 72000000 | S153: SUBDIRECCION DE APROVECHAMIENTO-SA
A154: 153 | B154: UAESP-159-2026 | C154: 46042 | D154: 31 31-Servicios Profesionales | E154: PRESTACION DE SERVICIOS PROFESIONALES | F154: 5 Contratación directa | G154: UAESP-159-2026 | H154: 80161500 | I154: https://community.secop.gov.co/Public/Tendering/ContractNoticePhases/View?PPI=CO1.PPI.45483509&isFromPublicArea=True&isModal=False | J154: FIRMADO | K154: 1 1. Inversión | L154: SSF- 013 Prestar servicios de apoyo a la Subdirección de Servicios Funerarios y Alumbrado Público de la Unidad Administrativa Especial de Servicios Públicos - UAESP en gestiones administrativas y operativas requeridas por la Supervisión. | M154: Yefer Anderson Novoa Arévalo | N154: 23040000 | O154: 3900000 | Q154: 6 | R154: =N154 -> 23040000 | S154: SUBDIRECCION DE SERVICIOS FUNERARIOS Y ALUMBRADO PUBLICO-SSFAP
A155: 154 | B155: UAESP-160-2026 | C155: 46042 | D155: 31 31-Servicios Profesionales | E155: PRESTACION DE SERVICIOS PROFESIONALES | F155: 5 Contratación directa | G155: UAESP-160-2026 | H155: 80161500 | I155: https://community.secop.gov.co/Public/Tendering/ContractNoticePhases/View?PPI=CO1.PPI.45345849&isFromPublicArea=True&isModal=False | J155: FIRMADO | K155: 1 1. Inversión | L155: RBL-074 Prestar los servicios profesionales a la Subdirección de Recolección, Barrido y Limpieza de la Unidad Administrativa Especial de Servicios Públicos mediante la verificación y seguimiento a los aspectos técnicos y operativos de la prestación del servicio público y el de aseo en la ciudad de Bogotá. | M155: Andrea Constanza Hernández Moreno | N155: 96000000 | O155: 8000000 | Q155: 12 | R155: =N155 -> 96000000 | S155: SUBDIRECCION DE RECOLECCION, BARRIDO Y LIMPIEZA-RBL
A156: 155 | B156: UAESP-161-2026 | C156: 46042 | D156: 31 31-Servicios Profesionales | E156: PRESTACION DE SERVICIOS PROFESIONALES | F156: 5 Contratación directa | G156: UAESP-161-2026 | H156: 80161500 | I156: https://community.secop.gov.co/Public/Tendering/ContractNoticePhases/View?PPI=CO1.PPI.45146570&isFromPublicArea=True&isModal=False | J156: FIRMADO | K156: 1 1. Inversión | L156: RBL-055 Prestar los servicios profesionales a la Subdirección de Recolección, Barrido y Limpieza de la Unidad Administrativa Especial de Servicios Públicos mediante la verificación y seguimiento a los aspectos sociales de la prestación del servicio público y el de aseo en la ciudad de Bogotá. | M156: MARIA JULIANA PARRA GARCIA | N156: 96000000 | O156: =N156/Q156 -> 8000000 | Q156: 12 | R156: =N156 -> 96000000 | S156: SUBDIRECCION DE RECOLECCION, BARRIDO Y LIMPIEZA-RBL
A157: 156 | B157: UAESP-236-2026 | C157: 46046 | D157: 31 31-Servicios Profesionales | E157: PRESTACION DE SERVICIOS PROFESIONALES | F157: 5 Contratación directa | G157: UAESP-236-2026 | H157: 80111600 | I157: https://community.secop.gov.co/Public/Tendering/ContractNoticePhases/View?PPI=CO1.PPI.45347763&isFromPublicArea=True&isModal=False | J157: FIRMADO | K157: 1 1. Inversión | L157: SA-004 Prestar servicios profesionales a la Subdirección de Aprovechamiento, para desarrollar acciones relacionadas con la verificación, actualización, modificación o ajuste de los registros de población recicladora y sus organizaciones. | M157: HELEN MAYUE BARRETO ORDOÑEZ | N157: 76961333 | O157: =N157/Q157 -> 7696133.3 | Q157: 10 | R157: =N157 -> 76961333 | S157: SUBDIRECCION DE APROVECHAMIENTO-SA
...

Sheet ITEMS
A1: Clase de Contrat0 | B1: MODALIDAD DE SELECCIÓN 2 | C1: TIPO PERSONA 3 | D1: TIPO CONFIGURACION 4 | E1: UNIDAD PLAZO DE EJECUCIÓN 5 | F1: TIPO DE GASTO 6 | G1: PROCEDIMIENTO | H1: REGIMEN DE CONTRATACION | I1: TIPO DE MODIFICACION | J1: GENERO | K1: DEPENDENCIA
A2: 10 10-Contrato de Obra | B2: 1 Licitación pública | C2: 1 1. Natural | D2: 1 1-Unión Temporal | E2: 1 1. Días | F2: 1 1. Inversión | G2: 1 1. Subasta Inversa | H2: 1 1. Ley 80 | I2: 1 1. Cesión | J2: Masculino | K2: DIRECCION GENERAL
A3: 21 21-Consultoría (Interventoría) | B3: 2 Selección abreviada | C3: 2 2. Jurídica | D3: 2 2-Consorcio | E3: 2 2. Meses | F3: 2 2. Funcionamiento | G3: 2 2. Menor cuantía | H3: 2 2. Privado | I3: 2 2. Adición | J3: Femenino | K3: OFICINA ASESORA DE COMUNICACIONES Y RELACIONES INTERINSTITUCIONALES-OACRI
A4: 22 22-Consultoría (Gerencia de Obra) | B4: 3 Concurso de méritos | D4: 3 3-Administradora Pública Cooperativa | E4: 3 3. Años | F4: 3 3. Servicio de la deuda | G4: 3 3. Concurso de méritos abiertos | H4: 3 3. Convenios Ley 489 | I4: 3 3. Prorroga | K4: OFICINA ASESORA DE PLANEACION-OAP
A5: 23 23-Consultoría (Gerencia de Proyecto) | B5: 4 Mínima cuantía | D5: 4 4-Otras Entidades de Economía Solidaria | E5: 4 4. Indeterminado | F5: 4 4. Otro | G5: 4 4. Concurso de méritos con precalificación | H5: 4 4. CP Art. 355 privadas sin ánimo de lucro | I5: 4 4. Adición / Prórroga | K5: OFICINA DE CONTROL INTERNO-OCI
A6: 24 24-Consultoría (Estudios y Diseños Tecnicos) | B6: 5 Contratación directa | D6: 5 5-Sociedad Anónima | G6: 5 5. Concurso de méritos con jurados | I6: 5 5. Anulación | K6: OFICINA DE TECNOLOGIAS DE LA INFORMACION Y LAS COMUNICACIONES-TICS
A7: 25 25-Consultoría (Estudios de Prefactibilidad y Factibilidad) | B7: 6 Contratación directa por Urgencia Manifiesta | D7: 6 6-Sociedad Ltda. | G7: 6 6. Otro | I7: 6 6. Renegociación por menor valor | K7: SUBDIRECCION ADMINISTRATIVA Y FINANCIERA-SAF
A8: 26 26-Consultoría (Asesoría Técnica) | B8: 7 Convocatoria pública | D8: 7 7-Sociedad Comandita Simple | I8: 7 7. Reinversión | K8: SUBDIRECCION DE APROVECHAMIENTO-SA
A9: 29 29-Consultoría (Otros) | B9: 8 Otra Regimen Especial | D9: 9 9-Fundación sin ánimo de lucro | K9: SUBDIRECCION DE ASUNTOS LEGALES-SAL
A10: 30 30-Servicios de Mantenimiento y/o Reparación | B10: 9 Menor cuantía | D10: 10 10-Corporación sin ánimo de lucro, Organización no Gubernamental -ONG- | K10: SUBDIRECCION DE DISPOSICION FINAL-SDF
A11: 31 31-Servicios Profesionales | D11: 11 11-Entidad Estatal | K11: SUBDIRECCION DE RECOLECCION, BARRIDO Y LIMPIEZA-RBL
A12: 32 32-Servicios Artísticos | D12: 12 12-Universidad Pública | K12: SUBDIRECCION DE SERVICIOS FUNERARIOS Y ALUMBRADO PUBLICO-SSFAP
A13: 33 33-Servicios Apoyo a la Gestion de la Entidad (servicios administrativos) | D13: 13 13-Universidad Privada | K13: OFICINA DE CONTROL INTERNO DISCIPLINARIO-OCDI
A14: 34 34-Servicios Asistenciales de Salud | D14: 14 14-Institución de Investigación Científica
A15: 35 35-Servicios de Comunicaciones | D15: 15 15-Organismo Multilateral
A16: 36 36-Servicios de Edición | D16: 16 16-Institución Aseguradora
A17: 37 37-Servicios de Impresión | D17: 17 17-Institución Financiera
A18: 38 38-Servicios de Publicación | D18: 18 18-Empresa Social del Estado - E.S.E.
A19: 39 39-Servicios de Capacitación | D19: 19 19-Empresa de Servicios Públicos - E.S.P.
A20: 40 40-Servicios de Outsourcing | D20: 20 20-Institución Prestadora de Servicios - I.P.S.
A21: 41 41-Desarrollo de Proyectos Culturales | D21: 21 21-Empresa Promotora de Salud - E.P.S.
A22: 42 42-Suministro de Bienes en general | D22: 22 22-Administradora de Régimen Subsidiado - A.R.S
A23: 43 43-Suministro de Servicio de Vigilancia | D23: 23 23-Empresa Unipersonal
A24: 44 44-Suministro de Servicio de Aseo | D24: 24 24-Otro
A25: 45 45-Sumunistro de Alimentos | D25: 25 25-Sociedad por Acciones Simplificadas - SAS
A26: 46 46-Sumunistro de Medicamentos | D26: 26 26-Persona Natural
A27: 48 48-Otros Suministros
A28: 49 49-Otros Servicios
A29: 50 50-Servicios de Transporte
A30: 51 51-Concesión (Administración de Bienes)
A31: 52 52-Concesión (Servicios Públicos Domiciliarios)
A32: 54 54-Concesión (Servicios de Salud)
A33: 55 55-Concesión (Obra Pública)
A34: 59 59-Concesión (Otros)
A35: 61 61-Contrato de Fiducia o Encargo Fiduciario
A36: 62 62-Contrato de Administración Profesional de Acciones
A37: 63 63-Leasing
A38: 65 65-Depósitos
... A73: 999 999-Otro tipo de naturaleza de contratos
B76: NOMBRE DEL SUPERVISOR | C76: CARGO | D76: NIT Y/O CEDULA SUPERVISOR
B77: LUZ AMANDA CAMACHO SANCHEZ | C77: DIRECTORA GENERAL | D77: 51816415
B78: MONICA ANDREA BONILLA VELASCO | C78: ASESOR(A) | D78: 52980901
B79: JULIAN CAMILO AMADO VELANDIA | C79: JEFE OFICINA ASESORA DE COMUNICACIONES Y RELACIONES INTERINSTITUCIONALES | D79: 80110291
B80: FRANCISCO JOSE AYALA SANMIGUEL | C80: JEFE OFICINA ASESORA DE PLANEACION | D80: 79785547
B81: ANDRES PABON SALAMANCA | C81: JEFE OFICINA CONTROL INTERNO | D81: 80252607
B82: CESAR MAURICIO BELTRAN LOPEZ | C82: JEFE OFICINA DE TECNOLOGIAS DE LA INFORMACION Y LAS COMUNICACIONES | D82: 80499017
B83: RUBEN DARIO PERILLA CARDENAS | C83: SUBDIRECTOR DE ADMINISTRATIVA Y FINANCIERA | D83: 74754353
B84: PETER ZAHIT GOMEZ | C84: PROFESIONAL ESPECIALIZADO | D84: 80024546
B85: BLANCA YOMAR LOPEZ DELGADILLO | C85: PROFESIONAL ESPECIALIZADO | D85: 51956852
B86: FERNANDO MARTIN ROMERO | C86: PROFESIONAL UNIVERSITARIO | D86: 79501872
B87: WILSON ORLANDO REYES | C87: ALMACENISTA GENERAL | D87: 79653803
B88: SANDRA RUIZ MEDELIN | C88: PROFESIONAL ESPECIALIZADO | D88: 52377143
... B93: INGRID LISBETH RAMIREZ MORENO | C93: SUBDIRECTORA DE SERVICIOS FUNERARIOS Y ALUMBRADO PUBLICO | D93: 47440658

Sheet ANULADO-RECHAZADOS
A1: N° | B1: NO CONTRATO | C1: Abogado asignado | D1: FECHA DE SOLICITUD | E1: ABOGADO ENCARGADO | F1: CLASE DE CONTRATO | G1: TIPO DE CONTRATO (MINUTA) | H1: Descripcion Mod. Selec | I1: NO. DE PROCESO | J1: CODIGO UNSPSC | K1: LINK DE PUBLICACIÓN | L1: ESTADO | M1: TIPO DE GASTO | N1: OBJETO | O1: NOMBRE O RAZON SOCIAL (CONTRATISTA) | P1: NIT Y/O CEDULA | Q1: D.V / CODIGO DE VERIFICACION RUT | R1: REPRESENTANTE LEGAL | S1: NIT REPRESENTANTE LEGAL | T1: CESIONARIO | U1: NIT O CC CESIONARIO | V1: FECHA CESION | W1: CONSORCIO O UNION TEMPORAL | X1: EMPRESAS PARTICIPANTES DE LA UNION TEMPORAL O CONSORCIO | Y1: PORCENTAJE DE PARTICIPACION | Z1: FECHA DE NACIMIENTO DD-MM-AA | AA1: DIRECCION | AB1: TELEFONO | AC1: CORREO ELECTRONICO | AD1: NATURALEZA JURIDICA | AE1: GENERO | AF1: Edad | AG1: PROFESION DE ACUERDO HOJA DE VIDA SIDEAP | AH1: ESTUDIOS ESPECIALIZADOS DE ACUERDO SIDEAP | AI1: TOTAL EXPERIENCIA SIDEAP | AJ1: OBSERVACIONES VALOR | AK1: VALOR ADICIONES | AL1: VIGENCIAS FUTURAS | AM1: VALOR INICIAL | AN1: VALOR MENSUAL PAGADO | AO1: IVA | AP1: CANTIDAD DE PAGOS | AQ1: VALOR TOTAL | AR1: FECHA DE INICIO | AS1: FECHA DE TERMINACION | AT1: TIEMPO EJECUCION INICIAL En meses | AU1: EJECUCION TOTAL EN DIAS | AV1: NO ORFEO | AW1: DEPENDENCIA | AX1: NOMBRE DEL SUPERVISOR | AY1: CARGO | AZ1: NO CDP | BA1: FECHA CDP | BB1: RUBRO PRESUPUESTAL | BC1: NO RP | BD1: FECHA REGISTRO | BE1: CLAUSULA LIQUIDACION | BF1: LIQUIDADO O TERMINADO ANTICIPADAMENTE | BG1: FECHA ACTA LIQUIDACION O TERMINACION ANTICIPADA | BH1: NIVEL DE ACUERDO A TABLA DE HONORARIOS | BI1: VENCIMIENTO LIQUIDACION | BJ1: FECHA DE SUSCRPCIÓN
A2: 1 | B2: UAESP-05-2026 | C2: anulado | D2: anulado | E2: anulado | F2: anulado | G2: anulado | H2: anulado | I2: anulado | J2: anulado | K2: anulado | L2: anulado | M2: anulado | N2: anulado | O2: anulado | P2: anulado | Q2: anulado | R2: anulado | S2: anulado | T2: anulado | U2: anulado | V2: anulado | W2: anulado | X2: anulado | Y2: anulado | Z2: anulado | AA2: anulado | AB2: anulado | AC2: anulado | AD2: anulado | AE2: anulado | AF2: anulado | AG2: anulado | AH2: anulado | AI2: anulado | AJ2: anulado | AK2: anulado | AL2: anulado | AM2: anulado | AN2: anulado | AO2: anulado | AP2: anulado | AQ2: anulado | AR2: anulado | AS2: anulado | AT2: anulado | AU2: anulado | AV2: anulado | AW2: anulado | AX2: anulado | AY2: anulado | AZ2: anulado | BA2: anulado | BB2: anulado | BC2: anulado | BD2: anulado | BE2: anulado | BF2: anulado | BG2: anulado | BH2: anulado | BI2: anulado | BJ2: anulado | BK2: anulado
A3: 2 | B3: UAESP-06-2026 | C3: anulado | D3: anulado | E3: anulado | F3: anulado | G3: anulado | H3: anulado | I3: anulado | J3: anulado | K3: anulado | L3: anulado | M3: anulado | N3: anulado | O3: anulado | P3: anulado | Q3: anulado | R3: anulado | S3: anulado | T3: anulado | U3: anulado | V3: anulado | W3: anulado | X3: anulado | Y3: anulado | Z3: anulado | AA3: anulado | AB3: anulado | AC3: anulado | AD3: anulado | AE3: anulado | AF3: anulado | AG3: anulado | AH3: anulado | AI3: anulado | AJ3: anulado | AK3: anulado | AL3: anulado | AM3: anulado | AN3: anulado | AO3: anulado | AP3: anulado | AQ3: anulado | AR3: anulado | AS3: anulado | AT3: anulado | AU3: anulado | AV3: anulado | AW3: anulado | AX3: anulado | AY3: anulado | AZ3: anulado | BA3: anulado | BB3: anulado | BC3: anulado | BD3: anulado | BE3: anulado | BF3: anulado | BG3: anulado | BH3: anulado | BI3: anulado | BJ3: anulado | BK3: anulado
A4: 11 | B4: UAESP-13-2026 | C4: anulado | D4: anulado | E4: anulado | F4: anulado | G4: anulado | H4: anulado | I4: anulado | J4: anulado | K4: anulado | L4: RECHAZADO | M4: anulado | N4: SAP-003: Prestar servicios profesionales para el control y administración de las comunicaciones internas y externas del proceso de alumbrado público, utilizando los sistemas de información y gestión documental y las bases de seguimiento y control. | O4: DAVID FERNANDO PACHECHO ARIZA | P4: anulado | Q4: anulado | R4: anulado | S4: anulado | T4: anulado | U4: anulado | V4: anulado | W4: anulado | X4: anulado | Y4: anulado | Z4: anulado | AA4: anulado | AB4: anulado | AC4: anulado | AD4: anulado | AE4: anulado | AF4: anulado | AG4: anulado | AH4: anulado | AI4: anulado | AJ4: anulado | AK4: anulado | AL4: anulado | AM4: anulado | AN4: anulado | AO4: anulado | AP4: anulado | AQ4: anulado | AR4: anulado | AS4: anulado | AT4: anulado | AU4: anulado | AV4: anulado | AW4: anulado | AX4: anulado | AY4: anulado | AZ4: anulado | BA4: anulado | BB4: anulado | BC4: anulado | BD4: anulado | BE4: anulado | BF4: anulado | BG4: anulado | BH4: anulado | BI4: anulado | BJ4: anulado | BK4: anulado
A5: 79 | B5: UAESP-81-2026 | C5: anulado | D5: anulado | E5: anulado | F5: anulado | G5: anulado | H5: anulado | I5: anulado | J5: anulado | K5: anulado | L5: RECHAZADO | M5: anulado | O5: NATALIA GONZÁLEZ PORRAS | P5: anulado | Q5: anulado | R5: anulado | S5: anulado | T5: anulado | U5: anulado | V5: anulado | W5: anulado | X5: anulado | Y5: anulado | Z5: anulado | AA5: anulado | AB5: anulado | AC5: anulado | AD5: anulado | AE5: anulado | AF5: anulado | AG5: anulado | AH5: anulado | AI5: anulado | AJ5: anulado | AK5: anulado | AL5: anulado | AM5: anulado | AN5: anulado | AO5: anulado | AP5: anulado | AQ5: anulado | AR5: anulado | AS5: anulado | AT5: anulado | AU5: anulado | AV5: anulado | AW5: anulado | AX5: anulado | AY5: anulado | AZ5: anulado | BA5: anulado | BB5: anulado | BC5: anulado | BD5: anulado | BE5: anulado | BF5: anulado | BG5: anulado | BH5: anulado | BI5: anulado | BJ5: anulado | BK5: anulado
A6: 115 | B6: UAESP-117-2026 | C6: anulado | D6: anulado | E6: anulado | F6: anulado | G6: anulado | H6: anulado | I6: anulado | J6: anulado | K6: anulado | L6: RECHAZADO | M6: anulado | N6: SA-028 Prestar servicios profesionales a la Subdirección de Aprovechamiento para realizar las actividades de coordinación técnica, administrativa y financiera requeridas para el programa de Incentivo al Aprovechamiento y Tratamiento de Residuos Sólidos (IAT), así como de actividades encaminadas al fortalecimiento de la actividad del reciclaje, las organizaciones y los recicladores de oficio | O6: JHON ALEXANDER AVILA MOLANO | P6: anulado | Q6: anulado | R6: anulado | S6: anulado | T6: anulado | U6: anulado | V6: anulado | W6: anulado | X6: anulado | Y6: anulado | Z6: anulado | AA6: anulado | AB6: anulado | AC6: anulado | AD6: anulado | AE6: anulado | AF6: anulado | AG6: anulado | AH6: anulado | AI6: anulado | AJ6: anulado | AK6: anulado | AL6: anulado | AM6: anulado | AN6: anulado | AO6: anulado | AP6: anulado | AQ6: anulado | AR6: anulado | AS6: anulado | AT6: anulado | AU6: anulado | AV6: anulado | AW6: anulado | AX6: anulado | AY6: anulado | AZ6: anulado | BA6: anulado | BB6: anulado | BC6: anulado | BD6: anulado | BE6: anulado | BF6: anulado | BG6: anulado | BH6: anulado | BI6: anulado | BJ6: anulado | BK6: anulado
B7: UAESP-235-2026 | C7: anulado | D7: anulado | E7: anulado | F7: anulado | G7: anulado | H7: anulado | I7: anulado | J7: anulado | K7: anulado | L7: RECHAZADO | M7: anulado | O7: DIANA PAOLA PEÑATA GOMEZ | P7: anulado | Q7: anulado | R7: anulado | S7: anulado | T7: anulado | U7: anulado | V7: anulado | W7: anulado | X7: anulado | Y7: anulado | Z7: anulado | AA7: anulado | AB7: anulado | AC7: anulado | AD7: anulado | AE7: anulado | AF7: anulado | AG7: anulado | AH7: anulado | AI7: anulado | AJ7: anulado | AK7: anulado | AL7: anulado | AM7: anulado | AN7: anulado | AO7: anulado | AP7: anulado | AQ7: anulado | AR7: anulado | AS7: anulado | AT7: anulado | AU7: anulado | AV7: anulado | AW7: anulado | AX7: anulado | AY7: anulado | AZ7: anulado | BA7: anulado | BB7: anulado | BC7: anulado | BD7: anulado | BE7: anulado | BF7: anulado | BG7: anulado | BH7: anulado | BI7: anulado | BJ7: anulado | BK7: anulado
B8: UAESP-362-2026 | C8: anulado | D8: anulado | E8: anulado | F8: anulado | G8: anulado | H8: anulado | I8: anulado | J8: anulado | K8: anulado | L8: anulado | M8: anulado | N8: anulado | O8: anulado | P8: anulado | Q8: anulado | R8: anulado | S8: anulado | T8: anulado | U8: anulado | V8: anulado | W8: anulado | X8: anulado | Y8: anulado | Z8: anulado | AA8: anulado | AB8: anulado | AC8: anulado | AD8: anulado | AE8: anulado | AF8: anulado | AG8: anulado | AH8: anulado | AI8: anulado | AJ8: anulado | AK8: anulado | AL8: anulado | AM8: anulado | AN8: anulado | AO8: anulado | AP8: anulado | AQ8: anulado | AR8: anulado | AS8: anulado | AT8: anulado | AU8: anulado | AV8: anulado | AW8: anulado | AX8: anulado | AY8: anulado | AZ8: anulado | BA8: anulado | BB8: anulado | BC8: anulado | BD8: anulado | BE8: anulado | BF8: anulado | BG8: anulado | BH8: anulado | BI8: anulado | BJ8: anulado | BK8: anulado

Sheet AYP
A1: NO CONTRATO | B1: A1 | C1: A2 | D1: A3 | E1: A4 | F1: A5 | G1: TOTAL ADICIONES | H1: P1 | J1: PLAZO | K1: P2 | M1: PLAZO | N1: P3 | P1: PLAZO
A2: =PRINCIPAL!B2 -> UAESP-01-2026 | G2: =B2+C2+D2+E2+F2 -> 0
A3: =PRINCIPAL!B3 -> UAESP-02-2026 | G3: =B3+C3+D3+E3+F3 -> 0
A4: =PRINCIPAL!B4 -> UAESP-03-2026 | G4: =B4+C4+D4+E4+F4 -> 0
A5: =PRINCIPAL!B5 -> UAESP-04-2026 | B5: 14760000 | G5: =B5+C5+D5+E5+F5 -> 14760000
A6: =PRINCIPAL!#REF! -> #REF! | B6: 5850000 | G6: =B6+C6+D6+E6+F6 -> 5850000 | H6: 46004 | I6: 46034 | J6: 1 MES
A7: =PRINCIPAL!#REF! -> #REF! | B7: 8500000 | G7: =B7+C7+D7+E7+F7 -> 8500000 | H7: 46004 | I7: 46034 | J7: 1 MES
A8: =PRINCIPAL!B6 -> UAESP-07-2026 | G8: =B8+C8+D8+E8+F8 -> 0
A9: =PRINCIPAL!B7 -> UAESP-08-2026 | B9: 3000000 | G9: =B9+C9+D9+E9+F9 -> 3000000 | H9: 46010 | I9: 46025 | J9: 16 DIAS
A10: =PRINCIPAL!B8 -> UAESP-09-2026 | B10: 6000000 | G10: =B10+C10+D10+E10+F10 -> 6000000 | H10: 46004 | I10: 46034 | J10: 1 MES
A11: =PRINCIPAL!B9 -> UAESP-10-2026 | B11: 15000000 | G11: =B11+C11+D11+E11+F11 -> 15000000 | H11: 46004 | I11: 46034 | J11: 1 MES
A12: =PRINCIPAL!B10 -> UAESP-11-2026 | G12: =B12+C12+D12+E12+F12 -> 0
A13: =PRINCIPAL!B11 -> UAESP-12-2026 | B13: 4700000 | G13: =B13+C13+D13+E13+F13 -> 4700000 | H13: 46008 | I13: 46023 | J13: 15 DIAS
A14: ='ANULADO-RECHAZADOS'!B4 -> UAESP-13-2026 | B14: 7500000 | G14: =B14+C14+D14+E14+F14 -> 7500000 | H14: 46004 | I14: 46034 | J14: 1 MES
A15: =PRINCIPAL!B12 -> UAESP-14-2026 | G15: =B15+C15+D15+E15+F15 -> 0
A16: =PRINCIPAL!B13 -> UAESP-15-2026 | G16: =B16+C16+D16+E16+F16 -> 0
A17: =PRINCIPAL!B14 -> UAESP-16-2026 | G17: =B17+C17+D17+E17+F17 -> 0
A18: =PRINCIPAL!B15 -> UAESP-17-2026 | G18: =B18+C18+D18+E18+F18 -> 0
A19: =PRINCIPAL!B16 -> UAESP-18-2026 | G19: =B19+C19+D19+E19+F19 -> 0
A20: =PRINCIPAL!B17 -> UAESP-19-2026 | B20: 3500000 | G20: =B20+C20+D20+E20+F20 -> 3500000 | H20: 46015 | I20: 46030 | J20: 16 DIAS
A21: =PRINCIPAL!B18 -> UAESP-20-2026 | B21: 5000000 | G21: =B21+C21+D21+E21+F21 -> 5000000 | H21: 46009 | I21: 46024 | J21: 16 DIAS
A22: =PRINCIPAL!B19 -> UAESP-21-2026 | B22: 8500000 | G22: =B22+C22+D22+E22+F22 -> 8500000 | H22: 46008 | I22: 46038 | J22: 1 MES
A23: =PRINCIPAL!B20 -> UAESP-22-2026 | B23: 2600000 | G23: =B23+C23+D23+E23+F23 -> 2600000 | H23: 46010 | I23: 46030 | J23: 21 DIAS
A24: =PRINCIPAL!B21 -> UAESP-23-2026 | G24: =B24+C24+D24+E24+F24 -> 0
A25: =PRINCIPAL!B22 -> UAESP-24-2026 | B25: 5850000 | G25: =B25+C25+D25+E25+F25 -> 5850000 | H25: 46009 | I25: 46039 | J25: 1 MES
A26: =PRINCIPAL!B23 -> UAESP-25-2026 | G26: =B26+C26+D26+E26+F26 -> 0
A27: =PRINCIPAL!B24 -> UAESP-26-2026 | G27: =B27+C27+D27+E27+F27 -> 0
A28: =PRINCIPAL!B25 -> UAESP-27-2026 | G28: =B28+C28+D28+E28+F28 -> 0
A29: =PRINCIPAL!B26 -> UAESP-28-2026 | G29: =B29+C29+D29+E29+F29 -> 0
A30: =PRINCIPAL!B27 -> UAESP-29-2026 | G30: =B30+C30+D30+E30+F30 -> 0
A31: =PRINCIPAL!B28 -> UAESP-030-2026 | B31: 3000000 | G31: =B31+C31+D31+E31+F31 -> 3000000 | H31: 46016 | I31: 46031 | J31: 16 DIAS
A32: =PRINCIPAL!B29 -> UAESP-31-2026 | G32: =B32+C32+D32+E32+F32 -> 0
A33: =PRINCIPAL!B30 -> UAESP-32-2026 | G33: =B33+C33+D33+E33+F33 -> 0
A34: =PRINCIPAL!B31 -> UAESP-33-2026 | G34: =B34+C34+D34+E34+F34 -> 0
A35: =PRINCIPAL!B32 -> UAESP-34-2026 | B35: 3500000 | G35: =B35+C35+D35+E35+F35 -> 3500000 | H35: 46011 | I35: 46026 | J35: 15 DIAS
A36: =PRINCIPAL!B33 -> UAESP-35-2026 | B36: 2600000 | G36: =B36+C36+D36+E36+F36 -> 2600000 | H36: 46012 | I36: 46032 | J36: 21 DIAS
A37: =PRINCIPAL!B34 -> UAESP-36-2026 | G37: =B37+C37+D37+E37+F37 -> 0
A38: =PRINCIPAL!B35 -> UAESP-037-2026 | G38: =B38+C38+D38+E38+F38 -> 0
A39: =PRINCIPAL!B36 -> UAESP-38-2026 | G39: =B39+C39+D39+E39+F39 -> 0
A40: =PRINCIPAL!B37 -> UAESP-39-2026 | G40: =B40+C40+D40+E40+F40 -> 0
A41: =PRINCIPAL!B38 -> UAESP-40-2026 | G41: =B41+C41+D41+E41+F41 -> 0
A42: =PRINCIPAL!B39 -> UAESP-41-2026 | G42: =B42+C42+D42+E42+F42 -> 0
A43: =PRINCIPAL!B40 -> UAESP-042-2026 | B43: 2925000 | G43: =B43+C43+D43+E43+F43 -> 2925000 | H43: 46012 | I43: 46027 | J43: 16 DIAS
A44: =PRINCIPAL!B41 -> UAESP-43-2026 | G44: =B44+C44+D44+E44+F44 -> 0
A45: =PRINCIPAL!B42 -> UAESP-044-2026 | G45: =B45+C45+D45+E45+F45 -> 0
A46: =PRINCIPAL!B43 -> UAESP-045-2026 | B46: 15000000 | G46: =B46+C46+D46+E46+F46 -> 15000000 | H46: 46015 | I46: 46104 | J46: 3 MESES
A47: =PRINCIPAL!B44 -> UAESP-46-2026 | G47: =B47+C47+D47+E47+F47 -> 0
A48: =PRINCIPAL!B45 -> UAESP-47-2026 | G48: =B48+C48+D48+E48+F48 -> 0
A49: =PRINCIPAL!B46 -> UAESP-048-2026 | G49: =B49+C49+D49+E49+F49 -> 0
A50: =PRINCIPAL!B47 -> UAESP-49-2026 | G50: =B50+C50+D50+E50+F50 -> 0
A51: =PRINCIPAL!B48 -> UAESP-50-2026 | G51: =B51+C51+D51+E51+F51 -> 0
A52: =PRINCIPAL!B49 -> UAESP-51-2026 | G52: =B52+C52+D52+E52+F52 -> 0
A53: =PRINCIPAL!B50 -> UAESP-52-2026 | G53: =B53+C53+D53+E53+F53 -> 0
A54: =PRINCIPAL!B51 -> UAESP-53-2026 | G54: =B54+C54+D54+E54+F54 -> 0
A55: =PRINCIPAL!B52 -> UAESP-54-2026 | G55: =B55+C55+D55+E55+F55 -> 0
A56: =PRINCIPAL!B53 -> UAESP-55-2026 | G56: =B56+C56+D56+E56+F56 -> 0
A57: =PRINCIPAL!B54 -> UAESP-373-2026 | G57: =B57+C57+D57+E57+F57 -> 0
A58: =PRINCIPAL!B55 -> UAESP-57-2026 | G58: =B58+C58+D58+E58+F58 -> 0
... A62: =PRINCIPAL!B59 -> UAESP-184-2026 | G62: =B62+C62+D62+E62+F62 -> 0
A63: =PRINCIPAL!B60 -> UAESP-62-2026 | B63: 25200000 | G63: =B63+C63+D63+E63+F63 -> 25200000 | H63: 45958 | I63: 46021 | J63: 2 Meses 3 Dias
A64: =PRINCIPAL!B61 -> UAESP-063-2026 | G64: =B64+C64+D64+E64+F64 -> 0
A65: =PRINCIPAL!B62 -> UAESP-64-2026 | G65: =B65+C65+D65+E65+F65 -> 0
A66: =PRINCIPAL!B63 -> UAESP-56-2026 | B66: 19950000 | G66: =B66+C66+D66+E66+F66 -> 19950000 | H66: 45958 | I66: 46021 | J66: 2 Meses 3 Dias
A67: =PRINCIPAL!B64 -> UAESP-66-2026 | G67: =B67+C67+D67+E67+F67 -> 0
A68: =PRINCIPAL!B65 -> UAESP-67-2026 | G68: =B68+C68+D68+E68+F68 -> 0
A69: =PRINCIPAL!B66 -> UAESP-68-2026 | G69: =B69+C69+D69+E69+F69 -> 0
A70: =PRINCIPAL!B67 -> UAESP-198-2026 | G70: =B70+C70+D70+E70+F70 -> 0
A71: =PRINCIPAL!B68 -> UAESP-194-2026 | G71: =B71+C71+D71+E71+F71 -> 0
A72: =PRINCIPAL!B69 -> UAESP-71-2026 | G72: =B72+C72+D72+E72+F72 -> 0
A73: =PRINCIPAL!B70 -> UAESP-83-2026 | B73: 19950000 | G73: =B73+C73+D73+E73+F73 -> 19950000 | H73: 45958 | I73: 46021 | J73: 2 Meses 3 Dias
A74: =PRINCIPAL!B71 -> UAESP-73-2026 | G74: =B74+C74+D74+E74+F74 -> 0
A75: =PRINCIPAL!B72 -> UAESP-74-2026 | G75: =B75+C75+D75+E75+F75 -> 0
A76: =PRINCIPAL!B73 -> UAESP-75-2026 | G76: =B76+C76+D76+E76+F76 -> 0
A77: =PRINCIPAL!B74 -> UAESP-76-2026 | G77: =B77+C77+D77+E77+F77 -> 0
A78: =PRINCIPAL!B75 -> UAESP-77-2026 | G78: =B78+C78+D78+E78+F78 -> 0
A79: =PRINCIPAL!B76 -> UAESP-78-2026 | G79: =B79+C79+D79+E79+F79 -> 0
A80: =PRINCIPAL!B77 -> UAESP-79-2026 | G80: =B80+C80+D80+E80+F80 -> 0
A81: =PRINCIPAL!B78 -> UAESP-80-2026 | G81: =B81+C81+D81+E81+F81 -> 0
A82: ='ANULADO-RECHAZADOS'!B5 -> UAESP-81-2026 | G82: =B82+C82+D82+E82+F82 -> 0
A83: =PRINCIPAL!B79 -> UAESP-82-2026 | G83: =B83+C83+D83+E83+F83 -> 0
A84: =PRINCIPAL!B80 -> UAESP-254-2026 | G84: =B84+C84+D84+E84+F84 -> 0
A85: =PRINCIPAL!B81 -> UAESP-84-2026. | G85: =B85+C85+D85+E85+F85 -> 0
A86: =PRINCIPAL!B82 -> UAESP-381-2026 | G86: =B86+C86+D86+E86+F86 -> 0
A87: =PRINCIPAL!B83 -> UAESP-86-2026 | B87: 13373333 | G87: =B87+C87+D87+E87+F87 -> 13373333 | H87: 45968 | I87: 46027 | J87: 2 Meses
A88: =PRINCIPAL!B84 -> UAESP-87-2026 | G88: =B88+C88+D88+E88+F88 -> 0
A89: =PRINCIPAL!B85 -> UAESP-88-2026 | G89: =B89+C89+D89+E89+F89 -> 0
A90: =PRINCIPAL!B86 -> UAESP-89-2026 | G90: =B90+C90+D90+E90+F90 -> 0
A91: =PRINCIPAL!B87 -> UAESP-90-2026 | G91: =B91+C91+D91+E91+F91 -> 0
A92: =PRINCIPAL!B88 -> UAESP-091-2026 | G92: =B92+C92+D92+E92+F92 -> 0
A93: =PRINCIPAL!B89 -> UAESP-92-2026 | G93: =B93+C93+D93+E93+F93 -> 0
A94: =PRINCIPAL!B90 -> UAESP-93-2026 | G94: =B94+C94+D94+E94+F94 -> 0
A95: =PRINCIPAL!B91 -> UAESP-269-2026 | G95: =B95+C95+D95+E95+F95 -> 0
A96: =PRINCIPAL!B92 -> UAESP-95-2026 | G96: =B96+C96+D96+E96+F96 -> 0
A97: =PRINCIPAL!B93 -> UAESP-96-2026 | G97: =B97+C97+D97+E97+F97 -> 0
A98: =PRINCIPAL!B94 -> UAESP-97-2026 | G98: =B98+C98+D98+E98+F98 -> 0
A99: =PRINCIPAL!B95 -> UAESP-98-2026 | G99: =B99+C99+D99+E99+F99 -> 0
... A110: =PRINCIPAL!B106 -> UAESP-109-2026 | G110: =B110+C110+D110+E110+F110 -> 0
A111: =PRINCIPAL!B107 -> UAESP-110-2026 | B111: 7209275 | G111: =B111+C111+D111+E111+F111 -> 7209275 | H111: 46001 | I111: 46027 | J111: 26 DIAS
A112: =PRINCIPAL!B108 -> UAESP-111-2026 | G112: =B112+C112+D112+E112+F112 -> 0
A113: =PRINCIPAL!B109 -> UAESP-112-2026 | G113: =B113+C113+D113+E113+F113 -> 0
...

Sheet PROCESOS
B1: MINIMA CUANTIA
A3: FECHA | B3: NO PROCESO | C3: PROFESIONAL | D3: OBJETO | E3: CONTRATISTA | F3: VALOR | G3: ESTADO | H3: NO PROPONENTES | I3: DEPENDENCIA
B32: SELECCIÓN ABREVIADA
A34: FECHA | B34: NO PROCESO | C34: PROFESIONAL | D34: OBJETO | E34: CONTRATISTA | F34: VALOR | G34: ESTADO | H34: NO PROPONENTES | I34: DEPENDENCIA
B52: LICITACION PUBLICA
A54: FECHA | B54: NO PROCESO | C54: PROFESIONAL | D54: OBJETO | E54: CONTRATISTA | F54: VALOR | G54: ESTADO | H54: NO PROPONENTES | I54: DEPENDENCIA
B59: CONCURSO DE MERITOS
A61: FECHA | B61: NO PROCESO | C61: PROFESIONAL | D61: OBJETO | E61: CONTRATISTA | F61: VALOR | G61: ESTADO | H61: NO PROPONENTES | I61: DEPENDENCIA
B66: PROCESOS COMPETITIVOS
A67: FECHA | B67: NO PROCESO | C67: PROFESIONAL | D67: OBJETO | E67: CONTRATISTA | F67: VALOR | G67: ESTADO | H67: NO PROPONENTES | I67: DEPENDENCIA
I68: SAF

Sheet COTIZACIONES
A1: No Cotización | B1: Fecha | C1: Objeto | D1: Dependencia | E1: Solicitante
D2: - | E2: -
D3: - | E3: -

Sheet ANULADOS
A1: NO CONTRATO | B1: FECHA DE SUSCRIPCIÓN | C1: ABOGADO ENCARGADO | D1: CLASE DE CONTRATO | E1: TIPO DE CONTRATO (MINUTA) | F1: MODALIDAD DE SELECCIÓN | G1: NO. DE PROCESO | H1: CODIGO UNSPSC | I1: LINK DE PUBLICACIÓN | J1: OBJETO | K1: NOMBRE O RAZON SOCIAL (CONTRATISTA)
A2: UAESP-16-2025 | B2: 45699 | C2: Camilo | D2: 31 31-Servicios Profesionales | E2: PRESTACION DE SERVICIOS PROFESIONALES | F2: 5 5. Contratación directa | G2: N/A | H2: 80161500 | I2: https://community.secop.gov.co/Public/Tendering/OpportunityDetail/Index?noticeUID=CO1.NTC.7609963&isFromPublicArea=True&isModal=true&asPopupView=true | J2: AP-004 Prestar servicios profesionales a la Subdirección de Servicios Funerarios y Alumbrado Público en asuntos ambientales y sanitarios, relacionados con la prestación del servicio de Alumbrado Público y hornos crematorios en los cementerios de propiedad del Distrito | K2: Ever Adrian Hernandez
A3: UAESP-40-2025 | B3: 45707 | C3: Andrea Torres | D3: 31 31-Servicios Profesionales | E3: PRESTACION DE SERVICIOS PROFESIONALES | F3: 5 5. Contratación directa | G3: N/A | H3: 80161500 | I3: https://community.secop.gov.co/Public/Tendering/OpportunityDetail/Index?noticeUID=CO1.NTC.7677097&isFromPublicArea=True&isModal=true&asPopupView=true | J3: SSF-027 Prestar servicios profesionales como apoyo transversal a la subdirección en la coordinación en los asuntos que le sean requeridos para el apoyo a la supervisión de los servicios
A4: UAESP-153-2025 | B4: 45736 | C4: Camilo | D4: 49 49-Otros Servicios | E4: PRESTACION DE SERVICIOS | F4: 2 2. Selección abreviada | G4: No salio con este numero | H4: No salio con este numero | I4: No salio con este numero | J4: No salio con este numero | K4: No salio con este numero
A5: UAESP-169-2025 | B5: 45744 | C5: Johanna | D5: 31 31-Servicios Profesionales | E5: PRESTACION DE SERVICIOS PROFESIONALES | F5: 5 5. Contratación directa | G5: N/A | H5: 80161500 | I5: https://community.secop.gov.co/Public/Tendering/OpportunityDetail/Index?noticeUID=CO1.NTC.7913135&isFromPublicArea=True&isModal=true&asPopupView=true | J5: RBL-039 Prestar servicios profesionales a la Unidad Administrativa Especial de Servicios Públicos - UAESP para desarrollar acciones en territorio con entidades distritales y comunidad, que permitan mejoras significativas en la atención de requerimientos, gestionar las actividades relacionadas con los servicios y operativos locales que garanticen satisfacción del usuario con relación a las responsabilidades a cargo de la Entidad | K5: JOSE MANUEL LLAIN TORRADO
A6: UAESP-170-2025 | B6: No se Ejecuto | C6: No se Ejecuto | D6: 31 31-Servicios Profesionales | E6: PRESTACION DE SERVICIOS PROFESIONALES | F6: 5 5. Contratación directa | G6: No se Ejecuto | H6: No se Ejecuto | I6: No se Ejecuto | J6: No se Ejecuto | K6: No se Ejecuto
A7: UAESP-175-2025 | B7: No se Ejecuto | C7: No se Ejecuto | D7: No se Ejecuto | E7: No se Ejecuto | F7: No se Ejecuto | G7: No se Ejecuto | H7: No se Ejecuto | I7: No se Ejecuto | J7: No se Ejecuto | K7: No se Ejecuto
A8: UAESP-219-2025 | B8: No se Ejecuto | C8: No se Ejecuto | D8: No se Ejecuto | E8: No se Ejecuto | F8: No se Ejecuto | G8: No se Ejecuto | H8: No se Ejecuto | I8: No se Ejecuto | J8: No se Ejecuto | K8: No se Ejecuto
A9: UAESP-239-2025 | B9: No se Ejecuto | C9: No se Ejecuto | D9: No se Ejecuto | E9: No se Ejecuto | F9: No se Ejecuto | G9: No se Ejecuto | H9: No se Ejecuto | I9: No se Ejecuto | J9: No se Ejecuto | K9: No se Ejecuto
A10: UAESP-265-2025 | B10: No se Ejecuto | C10: No se Ejecuto | D10: No se Ejecuto | E10: No se Ejecuto | F10: No se Ejecuto | G10: No se Ejecuto | H10: No se Ejecuto | I10: No se Ejecuto | J10: No se Ejecuto | K10: No se Ejecuto
A11: UAESP-318-2025 | B11: Desistido | C11: Desistido | D11: Desistido | E11: Desistido | F11: Desistido | G11: Desistido | H11: Desistido | I11: Desistido | J11: Desistido | K11: Desistido
A12: UAESP-360-2025 | B12: Rechazada | C12: Rechazada | D12: Rechazada | E12: Rechazada | F12: Rechazada | G12: Rechazada | H12: Rechazada | I12: Rechazada | J12: Rechazada | K12: Rechazada
A13: UAESP-400-2025 | B13: Rechazada | C13: Rechazada | D13: Rechazada | E13: Rechazada | F13: Rechazada | G13: Rechazada | H13: Rechazada | I13: Rechazada | J13: Rechazada | K13: Rechazada

Sheet SUSPENSIONES
A1: NO CONTRATO | B1: CONTRATISTA | C1: SUSPENSION | E1: PLAZO | F1: REINICIO
A2: =PRINCIPAL!B2 -> UAESP-01-2026 | B2: =PRINCIPAL!M2 -> UNIO-CCA
A3: =PRINCIPAL!B3 -> UAESP-02-2026 | B3: =PRINCIPAL!M3 -> BEATRIZ EUGENIA LONDONO HERNANDEZ
A4: =PRINCIPAL!B4 -> UAESP-03-2026 | B4: =PRINCIPAL!M4 -> YULIETH CAROLINA BEJARANO PINZON
A5: =PRINCIPAL!B5 -> UAESP-04-2026 | B5: =PRINCIPAL!M5 -> Cristian Leonardo Pineda Vargas
A6: =PRINCIPAL!#REF! -> #REF! | B6: =PRINCIPAL!#REF! -> #REF!
A7: =PRINCIPAL!#REF! -> #REF! | B7: =PRINCIPAL!#REF! -> #REF!
A8: =PRINCIPAL!B6 -> UAESP-07-2026 | B8: =PRINCIPAL!M6 -> SNE ABOGADOS SAS
A9: =PRINCIPAL!B7 -> UAESP-08-2026 | B9: =PRINCIPAL!M7 -> MARIA CATALINA CRUZ RICO
A10: =PRINCIPAL!B8 -> UAESP-09-2026 | B10: =PRINCIPAL!M8 -> ANA LORENA ORTIZ MEJIA
A11: =PRINCIPAL!B9 -> UAESP-10-2026 | B11: =PRINCIPAL!M9 -> NIXON DIAZ CISNEROS
A12: =PRINCIPAL!B10 -> UAESP-11-2026 | B12: =PRINCIPAL!M10 -> ANDREA OTERO MOJICA
A13: =PRINCIPAL!B11 -> UAESP-12-2026 | B13: =PRINCIPAL!M11 -> DANIEL BOCANEGRA RINCON
A14: ='ANULADO-RECHAZADOS'!B4 -> UAESP-13-2026 | B14: ='ANULADO-RECHAZADOS'!O4 -> DAVID FERNANDO PACHECHO ARIZA
A15: =PRINCIPAL!B12 -> UAESP-14-2026 | B15: =PRINCIPAL!M12 -> ADRIANA ORJUELA
A16: =PRINCIPAL!B13 -> UAESP-15-2026 | B16: =PRINCIPAL!M13 -> AURA CRISTINA GARCIA
A17: =PRINCIPAL!B14 -> UAESP-16-2026 | B17: =PRINCIPAL!M14 -> CARLOS GEOVANNY BORDA
A18: =PRINCIPAL!B15 -> UAESP-17-2026 | B18: =PRINCIPAL!M15 -> Andrés Gerardo Castañeda Camargo
A19: =PRINCIPAL!B16 -> UAESP-18-2026 | B19: =PRINCIPAL!M16 -> THOMAS FELIPE RONCANCIO VILLARREAL
A20: =PRINCIPAL!B17 -> UAESP-19-2026 | B20: =PRINCIPAL!M17 -> EDGAR FERNANDO VARGAS BUITRADO
A21: =PRINCIPAL!B18 -> UAESP-20-2026 | B21: =PRINCIPAL!M18 -> MARIA ELENA DIAZ ARIAS
A22: =PRINCIPAL!B19 -> UAESP-21-2026 | B22: =PRINCIPAL!M19 -> MAYRA ALEJANDRA CHIA VARGAS
A23: =PRINCIPAL!B20 -> UAESP-22-2026 | B23: =PRINCIPAL!M20 -> FELIX ALBERTO PINZON MON TOYA
A24: =PRINCIPAL!B21 -> UAESP-23-2026 | B24: =PRINCIPAL!M21 -> STHEPANIE ROMAN PARDO
A25: =PRINCIPAL!B22 -> UAESP-24-2026 | B25: =PRINCIPAL!M22 -> LESLIE PAMELA SERRANO ARTUNDUAGA
A26: =PRINCIPAL!B23 -> UAESP-25-2026 | B26: =PRINCIPAL!M23 -> Oswaldo Alfonso Arias Rodríguez
... A81: =PRINCIPAL!B78 -> UAESP-80-2026 | B81: =PRINCIPAL!M78 -> YAJAIRA ESTPHEFANE TARAZONA NIETO
A82: ='ANULADO-RECHAZADOS'!B5 -> UAESP-81-2026 | B82: ='ANULADO-RECHAZADOS'!O5 -> NATALIA GONZÁLEZ PORRAS
A83: =PRINCIPAL!B79 -> UAESP-82-2026 | B83: =PRINCIPAL!M79 -> HARVY ZURITH BARRIOS LOPEZ.
A84: =PRINCIPAL!B80 -> UAESP-254-2026 | B84: =PRINCIPAL!M80 -> Brandon Sebastian Buitrago Porras
A85: =PRINCIPAL!B81 -> UAESP-84-2026. | B85: =PRINCIPAL!M81 -> JOHN FREDDY AGUIRRE CORREA
A86: =PRINCIPAL!B82 -> UAESP-381-2026 | B86: =PRINCIPAL!M82 -> CARLOS ARTURO DIAZ RODRIGUEZ
A87: =PRINCIPAL!B83 -> UAESP-86-2026 | B87: =PRINCIPAL!M83 -> ALBERTO ROCHA CARDOZO
A88: =PRINCIPAL!B84 -> UAESP-87-2026 | B88: =PRINCIPAL!M84 -> OSCAR DAVID TRIANA CORZO
A89: =PRINCIPAL!B85 -> UAESP-88-2026 | B89: =PRINCIPAL!M85 -> SANDRA TATIANA CHAVES BARRERA
A90: =PRINCIPAL!B86 -> UAESP-89-2026 | B90: =PRINCIPAL!M86 -> Nuis Lisaardo Beltran
A91: =PRINCIPAL!B87 -> UAESP-90-2026 | B91: =PRINCIPAL!M87 -> CLAUDIA YAMILE SUAREZ POBLADOR
A92: =PRINCIPAL!B88 -> UAESP-091-2026 | B92: =PRINCIPAL!M88 -> Tatiana Florez LOZANO
A93: =PRINCIPAL!B89 -> UAESP-92-2026 | B93: =PRINCIPAL!M89 -> MARIBEL PATACON PEDRAZA
A94: =PRINCIPAL!B90 -> UAESP-93-2026 | B94: =PRINCIPAL!M90 -> JAROL REINEL DIAZ HERNÁNDEZ
... A117: =PRINCIPAL!B113 -> UAESP-116-2026 | B117: =PRINCIPAL!M113 -> MARCO ANDRES MENDOZA BARBOSA
A118: ='ANULADO-RECHAZADOS'!B6 -> UAESP-117-2026 | B118: ='ANULADO-RECHAZADOS'!O6 -> JHON ALEXANDER AVILA MOLANO
A119: =PRINCIPAL!B114 -> UAESP-118-2026 | B119: =PRINCIPAL!M114 -> JEIMMY ALEXANDRA RINCÓN MEDINA
A120: =PRINCIPAL!B115 -> UAESP-148-2026 | B120: =PRINCIPAL!M115 -> DANIELA ALEXANDRA RUEDA JUNCO
A121: =PRINCIPAL!B116 -> UAESP-120-2026 | B121: =PRINCIPAL!M116 -> DIANA MIREYA GONZALEZ HERNÁNDEZ
A122: =PRINCIPAL!B117 -> UAESP-121-2026 | B122: =PRINCIPAL!M117 -> ERIKA LICEDT VIDARTE CUELLAR
A123: =PRINCIPAL!B118 -> UAESP-122-2026 | B123: =PRINCIPAL!M118 -> DIANA NATALIA HEMELBERG SARMIENTO
A124: =PRINCIPAL!B119 -> UAESP-123-2026 | B124: =PRINCIPAL!M119 -> WILLIAM ALEXANDER MARTINEZ BLANCO
A125: =PRINCIPAL!B120 -> UAESP-124-2026 | B125: =PRINCIPAL!M120 -> MARCELA DEL PILAR ARGUELLES CEBALLOS
A126: =PRINCIPAL!B121 -> UAESP-125-2026 | B126: =PRINCIPAL!M121 -> MAYELI RIOS DELGADO
A127: =PRINCIPAL!B122 -> UAESP-126-2026 | B127: =PRINCIPAL!#REF! -> #REF!
A128: =PRINCIPAL!B123 -> UAESP-127-2026 | B128: =PRINCIPAL!M123 -> Carlos Andrés Acero Beltrán
A129: =PRINCIPAL!B124 -> UAESP-128-2026 | B129: =PRINCIPAL!M124 -> DAVID SANTIAGO GAITAN MOYA
A130: =PRINCIPAL!B125 -> UAESP-129-2026 | B130: =PRINCIPAL!M125 -> JUAN CAMILO HERNANDEZ
A131: =PRINCIPAL!B126 -> UAESP-130-2026 | B131: =PRINCIPAL!M126 -> DIANA CAROLINA CAÑON LOPEZ
A132: =PRINCIPAL!B127 -> UAESP-131-2026 | B132: =PRINCIPAL!M127 -> MARÍA PAULA SILVA RINCON
A133: =PRINCIPAL!B128 -> UAESP-132-2026 | B133: =PRINCIPAL!M128 -> SOFIA HELENA BELTRAN GACHARNA
A134: =PRINCIPAL!B129 -> UAESP-133-2026 | B134: =PRINCIPAL!M129 -> EFRAIN MARTÍNEZ MARTÍNEZ
A135: =PRINCIPAL!B130 -> UAESP-134-2026 | B135: =PRINCIPAL!M130 -> MARÍA ELENA POVEDA MURCIA
A136: =PRINCIPAL!B131 -> UAESP-135-2026 | B136: =PRINCIPAL!M131 -> PAOLA MARITZA GONZALEZ MALDONADO
A137: =PRINCIPAL!B132 -> UAESP-136-2026 | B137: =PRINCIPAL!M132 -> KATHERINN VIVIANA FORERO GONZÁLEZ
A138: =PRINCIPAL!B133 -> UAESP-137-2026 | B138: =PRINCIPAL!M133 -> Geraldine Muñoz Cortes
A139: =PRINCIPAL!B134 -> UAESP-138-2026 | B139: =PRINCIPAL!M134 -> LIZETH TRELLEZ
A140: =PRINCIPAL!B135 -> UAESP-139-2026 | B140: =PRINCIPAL!M135 -> JAIME ALBERTO LENIN CHAPARRO PLAZAS
A141: =PRINCIPAL!#REF! -> #REF! | B141: =PRINCIPAL!#REF! -> #REF!
A142: =PRINCIPAL!B136 -> UAESP-141-2026 | B142: =PRINCIPAL!M136 -> LUIS ANTONIO PARDO SOLER
A143: =PRINCIPAL!B137 -> UAESP-142-2026 | B143: =PRINCIPAL!M137 -> Jorge Luis Sandoval Sánchez
A144: =PRINCIPAL!B138 -> UAESP-143-2026 | B144: =PRINCIPAL!M138 -> OMAR JOSE MAESTRE FELIZZOLA
A145: =PRINCIPAL!B139 -> UAESP-144-2026 | B145: =PRINCIPAL!M139 -> CLAUDIA GISELA TORRES RANGEL
A146: =PRINCIPAL!B140 -> UAESP-145-2026 | B146: =PRINCIPAL!M140 -> ANNY LISSETH GIRALDO SOLANO
A147: =PRINCIPAL!B141 -> UAESP-146-2026 | B147: =PRINCIPAL!M141 -> MARIA ALEJANDRA DURAN GONZALEZ
A148: =PRINCIPAL!B142 -> UAESP-147-2026 | B148: =PRINCIPAL!M142 -> JONATHAN RUDA SUAREZ
A149: =PRINCIPAL!B143 -> UAESP-61-2026 | B149: =PRINCIPAL!M143 -> Diego alejandro Pinto Moreno
A150: =PRINCIPAL!B144 -> UAESP-149-2026 | B150: =PRINCIPAL!M144 -> JENIFFER ELIANA RODRIGUEZ SALAMANCA
A151: =PRINCIPAL!B145 -> UAESP-151-2026 | B151: =PRINCIPAL!M145 -> GALO AHUMADA NAVARRO
A152: =PRINCIPAL!B146 -> UAESP-224-2026. | B152: =PRINCIPAL!M146 -> GLADYS RUGE CEBALLOS Suba-067
A153: =PRINCIPAL!B147 -> UAESP-152-2026 | B153: =PRINCIPAL!M147 -> YENY FABIOLA ROMERO ROBAYO
... A235: =PRINCIPAL!B229 -> UAESP-234-2026 | B235: =PRINCIPAL!M229 -> RICHARD ANDRES PARDO
A236: =PRINCIPAL!#REF! -> #REF! | B236: =PRINCIPAL!#REF! -> #REF!
A237: =PRINCIPAL!B230 -> UAESP-65-2026 | B237: =PRINCIPAL!M230 -> JUAN ESTEBAN TUMAY ACHAGUA
A238: =PRINCIPAL!B231 -> UAESP-237-2026 | B238: =PRINCIPAL!M231 -> NATALIA GUERRERO VERGARA
A239: =PRINCIPAL!B232 -> UAESP-238-2026 | B239: =PRINCIPAL!M232 -> CLAUDIA PATRICIA DURAN CAICEDO
A240: =PRINCIPAL!B233 -> UAESP-239-2026 | B240: =PRINCIPAL!M233 -> LUIS MIGUEL RODRÍGUEZ AYERBE
A241: =PRINCIPAL!B234 -> UAESP-240-2026 | B241: =PRINCIPAL!M234 -> Isaura Pilar Rivero García
A242: =PRINCIPAL!B235 -> UAESP-241-2026 | B242: =PRINCIPAL!M235 -> JORGE ANDRES SALAS
A243: =PRINCIPAL!B236 -> UAESP-242-2026 | B243: =PRINCIPAL!M236 -> SANDRA MILENA SANTAFE PATIÑO
A244: =PRINCIPAL!B237 -> UAESP-243-2026 | B244: =PRINCIPAL!M237 -> Yoni Edilson Castro Galán
A245: =PRINCIPAL!B238 -> UAESP-244-2026 | B245: =PRINCIPAL!M238 -> Jaiber Useche Linares
A246: =PRINCIPAL!B239 -> UAESP-158-2026 | B246: =PRINCIPAL!M239 -> KAREN DAYANA JIMENEZ NIÑO
A247: =PRINCIPAL!B240 -> UAESP-246-2026 | B247: =PRINCIPAL!M240 -> Camila Andrea Alba Salamanca
A248: =PRINCIPAL!B241 -> UAESP-247-2026 | B248: =PRINCIPAL!M241 -> ANDRES MAURICIO BARRERA
... A290: =PRINCIPAL!B283 -> UAESP-289-2026 | B290: =PRINCIPAL!M283 -> Silvio Alfredo Padron Hernandez
A291: =PRINCIPAL!#REF! -> #REF! | B291: =PRINCIPAL!#REF! -> #REF!
A292: =PRINCIPAL!B284 -> UAESP-291-2026 | B292: =PRINCIPAL!M284 -> Mauricio Forero Gonzalez
A293: =PRINCIPAL!B285 -> UAESP-292-2026 | B293: =PRINCIPAL!M285 -> Xiomara Catalina Piñeros Muñoz
A294: =PRINCIPAL!B286 -> UAESP-293-2026 | B294: =PRINCIPAL!M286 -> Oscar Andres Capera Rodriguez
A295: =PRINCIPAL!B287 -> UAESP-294-2026 | B295: =PRINCIPAL!M287 -> Santiago Pacheco Garcia
A296: =PRINCIPAL!B288 -> UAESP-295-2026 | B296: =PRINCIPAL!M288 -> José Edgar Olaya
A297: =PRINCIPAL!B289 -> UAESP-296-2026 | B297: =PRINCIPAL!M289 -> Javier Alonso Useda Gomez
A298: =PRINCIPAL!B290 -> UAESP-297-2026 | B298: =PRINCIPAL!M290 -> angela viviana orozco cubillos
...

Sheet Ordenes de Compra
A1: Orden de Compra | B1: Entidad Estatal | C1: Fecha de la orden | D1: Estado | E1: Instrumento | F1: Total | G1: CONTRATISTA | H1: OBJETO | I1: FECHA VENCIMIENTO | J1: DEPENDENCIA
A2: 143438 | B2: UNIDAD ADMINISTRATIVA ESPECIAL DE SERVICIOS PUBLICOS | C2: 45733.756 | D2: Emitido | E2: Aseo y Cafetería IV | F2: $524,619,509 | G2: CONSORCIO KIOS | H2: SAF-001 Adquirir por medio del Acuerdo Marco de Precios CCE-126-2023 el servicio de aseo e insumos de aseo, jardinería y cafetería para todos los bienes muebles que se encuentran en propiedad y en figura de arrendamiento a nombre de la Unidad Administrativa Especial de Servicios Públicos | I2: 12/30/2025 | J2: Subdireccion Administrativa y Financiera
A3: 148224 | B3: UNIDAD ADMINISTRATIVA ESPECIAL DE SERVICIOS PUBLICOS | C3: 45835.374 | D3: Emitido | E3: IAD Software por Catalogo II | F3: $50,014,866 | G3: UT Catalogo de Software ArcGIS de Esri | H3: TIC-023 Adquisición del licenciamiento ArcGis de georreferenciación para el servicio de las áreas misionales de la Unidad Administrativa Especial de Servicios Públicos. | I3: 46198 | J3: Oficina de Tecnologias de la Informacion y las Comunicaciones
A4: 148582 | B4: UNIDAD ADMINISTRATIVA ESPECIAL DE SERVICIOS PUBLICOS | C4: 45845.379 | D4: Emitido | E4: IAD Software por Catalogo II | F4: $561,809,100 | G4: Consorcio IAD Dinamico Softwareone | H4: TIC-016 Renovar la suscripción de licencias de servicios de ofimática suit con cuentas correos, colaborativas y BI para el desarrollo de las actividades de la Unidad Administrativa Especial de Servicios Públicos - UAESP, a través la Tienda Virtual del Estado Colombiano. | I4: 46213 | J4: Oficina de Tecnologias de la Informacion y las Comunicaciones
A5: 148732 | B5: UNIDAD ADMINISTRATIVA ESPECIAL DE SERVICIOS PUBLICOS | C5: 45847.437 | D5: Emitido | E5: ETP III | F5: $8,582,896 | G5: SOLUTION COPY LTDA | H5: TIC-014 Contratar el servicio de equipos periféricos tipo escáner para la Unidad Administrativa Especial de Servicios Públicos- UAESP a través la Tienda Virtual del Estado Colombiano Acuerdo Marco. | I5: 46216 | J5: Oficina de Tecnologias de la Informacion y las Comunicaciones
A6: 150094 | B6: UNIDAD ADMINISTRATIVA ESPECIAL DE SERVICIOS PUBLICOS | C6: 45881.459 | D6: Emitido | E6: Grandes Superficies | F6: $8,037,890 | G6: Falabella de Colombia S.A. | H6: SAF-084 Adquirir a través de la TVEC - Grandes Superficies, el mobiliario y equipo de oficina requerido en las instalaciones de la nueva sede de la UAESP. | I6: 45941 | J6: Subdireccion Administrativa y Financiera
A7: 150095 | B7: UNIDAD ADMINISTRATIVA ESPECIAL DE SERVICIOS PUBLICOS | C7: 45881.459 | D7: Emitido | E7: Grandes Superficies | F7: $37,830,100 | G7: Panamericana Outsourcing S.A. | H7: SAF-084 Adquirir a través de la TVEC - Grandes Superficies, el mobiliario y equipo de oficina requerido en las instalaciones de la nueva sede de la UAESP. | I7: 45941 | J7: Subdireccion Administrativa y Financiera
A8: 150096 | B8: UNIDAD ADMINISTRATIVA ESPECIAL DE SERVICIOS PUBLICOS | C8: 45881.459 | D8: Emitido | E8: Grandes Superficies | F8: $1,028,755 | G8: FERRICENTROS SAS | H8: SAF-084 Adquirir a través de la TVEC - Grandes Superficies, el mobiliario y equipo de oficina requerido en las instalaciones de la nueva sede de la UAESP. | I8: 45941 | J8: Subdireccion Administrativa y Financiera
A9: 150097 | B9: UNIDAD ADMINISTRATIVA ESPECIAL DE SERVICIOS PUBLICOS | C9: 45881.459 | D9: Emitido | E9: Grandes Superficies | F9: $2,288,888 | G9: PROVEER INSTITUCIONAL SAS | H9: SAF-084 Adquirir a través de la TVEC - Grandes Superficies, el mobiliario y equipo de oficina requerido en las instalaciones de la nueva sede de la UAESP. | I9: 45941 | J9: Subdireccion Administrativa y Financiera
A10: 150098 | B10: UNIDAD ADMINISTRATIVA ESPECIAL DE SERVICIOS PUBLICOS | C10: 45881.459 | D10: Emitido | E10: Grandes Superficies | F10: $4,656,000 | G10: CENCOSUD COLOMBIA S.A. | H10: SAF-084 Adquirir a través de la TVEC - Grandes Superficies, el mobiliario y equipo de oficina requerido en las instalaciones de la nueva sede de la UAESP. | I10: 45941 | J10: Subdireccion Administrativa y Financiera
A11: 151184 | B11: UNIDAD ADMINISTRATIVA ESPECIAL DE SERVICIOS PUBLICOS | C11: 45903.52 | D11: Emitido | E11: Combustible (Nacional) III | F11: $56,770,630 | G11: Distracom S.A. | H11: SAF-069 Contratar el suministro de gasolina para los vehículos de la entidad y garantizar la prestación de los servicios de recorridos misionales de la UAESP. | I11: 46056 | J11: Subdireccion Administrativa y Financiera

Sheet Resumen (Tablas Dinámicas)
C7: TABLA DINÁMICA (CONSULTA x CONTRATISTA)
C9: NOMBRE O RAZON SOCIAL (CONTRATISTA) | D9: ANA MARIA MANCIPE MONTENEGRO
C11: DURACIÓN DEL CONTRATO EN MESES | D11: VALOR CONTRATO | E11: CANTIDAD DE CONTRATOS
C12: 4 | D12: 40000000 | E12: 1
C13: Total Meses: 4 | E13: 1
C14: 6 | D14: 60000000 | E14: 1
C15: Total Meses: 6 | E15: 1
C16: Total de Contratos | E16: 2
C24: TABLA DINÁMICA (CONSULTA x DEPENDENCIAS)
C26: NOMBRE DE LA DEPENDENCIA | D26: Subdireccion de Disposicion Final
C28: NOMBRE O RAZON SOCIAL (CONTRATISTA) | D28: ESTADO DEL CONTRATO | E28: CANTIDAD DE CONTRATOS | F28: VALOR DEL CONTRATO
C29: JENNIFER VNEGAS PEÑA | D29: Vigente | E29: 1 | F29: 72000000
C30: JENNIFER VNEGAS PEÑA Total | E30: 1 | F30: 72000000
C31: ANDRES GERARDO CASTAÑEDA CAMARGO | D31: Vigente | E31: 1 | F31: 96000000
C32: ANDRES GERARDO CASTAÑEDA CAMARGO Total | E32: 1 | F32: 96000000
C33: ANGELA MARIA LEIVA TENJO | D33: Vigente | E33: 1 | F33: 34164000
C34: ANGELA MARIA LEIVA TENJO Total | E34: 1 | F34: 34164000
C35: Armando Rodríguez Ochoa | D35: Vigente | E35: 1 | F35: 76000000
C36: Armando Rodríguez Ochoa Total | E36: 1 | F36: 76000000
C37: AURA CRISTINA GARCÍA OTÁLORA | D37: Vigente | E37: 1 | F37: 60000000
C38: AURA CRISTINA GARCÍA OTÁLORA Total | E38: 1 | F38: 60000000
C39: CARLOS ANDRES ACERO | D39: Vigente | E39: 1 | F39: 76000000
C40: CARLOS ANDRES ACERO Total | E40: 1 | F40: 76000000
C41: CARLOS GEOVANNY BORDA PEREZ | D41: Vigente | E41: 1 | F41: 96000000
C42: CARLOS GEOVANNY BORDA PEREZ Total | E42: 1 | F42: 96000000
C43: CHRISTIAM MODESTO DIAZ GONZALEZ | D43: Vigente | E43: 1 | F43: 76000000
C44: CHRISTIAM MODESTO DIAZ GONZALEZ Total | E44: 1 | F44: 76000000
C45: CRISTIAN PINEDA | D45: Vigente | E45: 1 | F45: 76000000
C46: CRISTIAN PINEDA Total | E46: 1 | F46: 76000000
C47: DEIBY ALEJANDRO BERNAL PERILLA | D47: Vigente | E47: 1 | F47: 76000000
C48: DEIBY ALEJANDRO BERNAL PERILLA Total | E48: 1 | F48: 76000000
C49: FELIX ALBERTO PINZON MONTOYA | D49: Vigente | E49: 1 | F49: 36000000
C50: FELIX ALBERTO PINZON MONTOYA Total | E50: 1 | F50: 36000000
C51: GRUPO YACAR INGENIERIA S.A. | D51: Vigente | E51: 1 | F51: 206793200
C52: GRUPO YACAR INGENIERIA S.A. Total | E52: 1 | F52: 206793200
C53: HARVY ZURITH BARRIOS LOPEZ | D53: Vigente | E53: 1 | F53: 54400000
C54: HARVY ZURITH BARRIOS LOPEZ Total | E54: 1 | F54: 54400000
C55: JAVIER ANDRES MOLANO AVELLA | D55: Vigente | E55: 1 | F55: 49000000
C56: JAVIER ANDRES MOLANO AVELLA Total | E56: 1 | F56: 49000000
C57: JOSE MANUEL LLAIN TORRADO | D57: Vigente | E57: 1 | F57: 62500000
C58: JOSE MANUEL LLAIN TORRADO Total | E58: 1 | F58: 62500000
C59: LARITZA PAEZ MARTINEZ | D59: Vigente | E59: 1 | F59: 76000000
C60: LARITZA PAEZ MARTINEZ Total | E60: 1 | F60: 76000000
C61: LORENZO ANDRES DIAZ CARVAJAL | D61: Vigente | E61: 1 | F61: 64000000
C62: LORENZO ANDRES DIAZ CARVAJAL Total | E62: 1 | F62: 64000000
C63: Luis Felipe Chitiva Angel | D63: Vigente | E63: 1 | F63: 64000000
C64: Luis Felipe Chitiva Angel Total | E64: 1 | F64: 64000000
C65: MAGDA CELENA MANOSALVA DE CELIS | D65: Vigente | E65: 1 | F65: 66666667
C66: MAGDA CELENA MANOSALVA DE CELIS Total | E66: 1 | F66: 66666667
C67: MARCELA PATRICIA MARTINEZ GONZALEZ | D67: Vigente | E67: 1 | F67: 52000000
C68: MARCELA PATRICIA MARTINEZ GONZALEZ Total | E68: 1 | F68: 52000000
C69: María Elena Díaz Arias | D69: Vigente | E69: 1 | F69: 76000000
C70: María Elena Díaz Arias Total | E70: 1 | F70: 76000000
C71: MIGUEL ANGEL ORJUELA PEÑALOSA | D71: Vigente | E71: 1 | F71: 67200000
C72: MIGUEL ANGEL ORJUELA PEÑALOSA Total | E72: 1 | F72: 67200000
C73: Oswaldo Alfonso Arias Rodríguez | D73: Vigente | E73: 1 | F73: 40400000
C74: Oswaldo Alfonso Arias Rodríguez Total | E74: 1 | F74: 40400000
C75: RAUL IVAN ARIAS RODRIGUEZ | D75: Vigente | E75: 1 | F75: 93916667
C76: RAUL IVAN ARIAS RODRIGUEZ Total | E76: 1 | F76: 93916667
C77: STHEPANIE ROMAN PARDO | D77: Vigente | E77: 1 | F77: 67200000
C78: STHEPANIE ROMAN PARDO Total | E78: 1 | F78: 67200000
C79: UNIDAD DE INVESTIGACIÓN CRIMINAL DE LA DEFENSA | D79: Vigente | E79: 1 | F79: 654500000
C80: UNIDAD DE INVESTIGACIÓN CRIMINAL DE LA DEFENSA Total | E80: 1 | F80: 654500000
C81: UNIVERSIDA DISTRITAL | D81: Vigente | E81: 1 | F81: 207261600
C82: UNIVERSIDA DISTRITAL Total | E82: 1 | F82: 207261600
C83: UNIVERSIDAD NACIONAL ABIERTA Y A DISTANCIA | D83: Vigente | E83: 1 | F83: 156585000
C84: UNIVERSIDAD NACIONAL ABIERTA Y A DISTANCIA Total | E84: 1 | F84: 156585000
C85: UNIVERSIDAD PEDAGOGICA NACIONAL | D85: TERMINADO | E85: 1 | F85: 281853000
C86: UNIVERSIDAD PEDAGOGICA NACIONAL Total | E86: 1 | F86: 281853000
C87: YANETH VILLARRAGA | D87: Vigente | E87: 1 | F87: 60000000
C88: YANETH VILLARRAGA Total | E88: 1 | F88: 60000000
C89: YIRLY DAYAN GALEANO AVILA | D89: Vigente | E89: 1 | F89: 33600000
C90: YIRLY DAYAN GALEANO AVILA Total | E90: 1 | F90: 33600000
C91: VALOR TOTAL DE CONTRATOS | E91: 31 | F91: 3208040134
